%YAML 1.1
%TAG !u! tag:unity3d.com,2011:
--- !u!1 &32327603539710534
GameObject:
  m_ObjectHideFlags: 0
  m_CorrespondingSourceObject: {fileID: 0}
  m_PrefabInstance: {fileID: 0}
  m_PrefabAsset: {fileID: 0}
  serializedVersion: 6
  m_Component:
  - component: {fileID: 5420794594790109219}
  - component: {fileID: 231296194875473541}
  m_Layer: 9
  m_Name: Fighter_09_Body
  m_TagString: Untagged
  m_Icon: {fileID: 0}
  m_NavMeshLayer: 0
  m_StaticEditorFlags: 0
  m_IsActive: 1
--- !u!4 &5420794594790109219
Transform:
  m_ObjectHideFlags: 0
  m_CorrespondingSourceObject: {fileID: 0}
  m_PrefabInstance: {fileID: 0}
  m_PrefabAsset: {fileID: 0}
  m_GameObject: {fileID: 32327603539710534}
  m_LocalRotation: {x: -0.7071068, y: 0, z: -0, w: 0.7071068}
  m_LocalPosition: {x: -0, y: 0, z: -0.031130752}
  m_LocalScale: {x: 1, y: 1, z: 1}
  m_ConstrainProportionsScale: 0
  m_Children: []
  m_Father: {fileID: 654168625374812954}
  m_RootOrder: 1
  m_LocalEulerAnglesHint: {x: 0, y: 0, z: 0}
--- !u!137 &231296194875473541
SkinnedMeshRenderer:
  m_ObjectHideFlags: 0
  m_CorrespondingSourceObject: {fileID: 0}
  m_PrefabInstance: {fileID: 0}
  m_PrefabAsset: {fileID: 0}
  m_GameObject: {fileID: 32327603539710534}
  m_Enabled: 1
  m_CastShadows: 1
  m_ReceiveShadows: 1
  m_DynamicOccludee: 1
  m_StaticShadowCaster: 0
  m_MotionVectors: 1
  m_LightProbeUsage: 1
  m_ReflectionProbeUsage: 1
  m_RayTracingMode: 3
  m_RayTraceProcedural: 0
  m_RenderingLayerMask: 1
  m_RendererPriority: 0
  m_Materials:
  - {fileID: 2100000, guid: 6ce2bc3961cb24692a723fb1dd634410, type: 2}
  m_StaticBatchInfo:
    firstSubMesh: 0
    subMeshCount: 0
  m_StaticBatchRoot: {fileID: 0}
  m_ProbeAnchor: {fileID: 0}
  m_LightProbeVolumeOverride: {fileID: 0}
  m_ScaleInLightmap: 1
  m_ReceiveGI: 1
  m_PreserveUVs: 0
  m_IgnoreNormalsForChartDetection: 0
  m_ImportantGI: 0
  m_StitchLightmapSeams: 1
  m_SelectedEditorRenderState: 3
  m_MinimumChartSize: 4
  m_AutoUVMaxDistance: 0.5
  m_AutoUVMaxAngle: 89
  m_LightmapParameters: {fileID: 0}
  m_SortingLayerID: 0
  m_SortingLayer: 0
  m_SortingOrder: 0
  serializedVersion: 2
  m_Quality: 0
  m_UpdateWhenOffscreen: 0
  m_SkinnedMotionVectors: 1
  m_Mesh: {fileID: 1992184951149889221, guid: 3b3ef6bc9b8a7428dbfc46b71d48cd3f, type: 3}
  m_Bones:
  - {fileID: 1253401194035637584}
  - {fileID: 6120453029090279132}
  - {fileID: 8982754514738350442}
  - {fileID: 2324829773937099735}
  - {fileID: 5425675057233884705}
  - {fileID: 5093271040952264819}
  - {fileID: 4834112501200469782}
  - {fileID: 3885815740174160523}
  - {fileID: 7087627960070936370}
  - {fileID: 804642774272997414}
  - {fileID: 2938686847903032508}
  - {fileID: 6401523725968518233}
  - {fileID: 1490629701396421347}
  - {fileID: 929428369667367842}
  - {fileID: 871460420642103685}
  - {fileID: 5114238120587293708}
  - {fileID: 4795827160315937161}
  - {fileID: 5301970477559045337}
  - {fileID: 5889695163127186936}
  - {fileID: 327546792228555590}
  - {fileID: 3646124014983117892}
  - {fileID: 2186017799838685875}
  - {fileID: 3016860494247853423}
  - {fileID: 1542715857351287144}
  - {fileID: 1657767932638144105}
  - {fileID: 3867674915221507437}
  - {fileID: 1191488610186649667}
  - {fileID: 2805021277190028424}
  - {fileID: 8036522845326391608}
  - {fileID: 7748727678166880785}
  - {fileID: 3468344520746115477}
  - {fileID: 1127084952507440479}
  - {fileID: 6509453122847272164}
  - {fileID: 5907122077814254789}
  - {fileID: 2868482877479024023}
  - {fileID: 2946910520481734715}
  - {fileID: 6930547717215993406}
  - {fileID: 2897516241935446453}
  - {fileID: 5192698538231127407}
  - {fileID: 6574087150830903230}
  - {fileID: 3154463914432581336}
  - {fileID: 678354866780153978}
  - {fileID: 6290989312692950469}
  - {fileID: 5473116781003592248}
  - {fileID: 7091718575061438782}
  - {fileID: 9057585391261756013}
  - {fileID: 2897775863328378635}
  - {fileID: 349822976057341264}
  - {fileID: 6822260615807636227}
  - {fileID: 6538898646030352548}
  - {fileID: 3256319322798026921}
  - {fileID: 4373636368491528350}
  - {fileID: 5280634975333752499}
  - {fileID: 8935455881040694178}
  m_BlendShapeWeights: []
  m_RootBone: {fileID: 1191488610186649667}
  m_AABB:
    m_Center: {x: 0.05539283, y: 0.013799161, z: -0.09886114}
    m_Extent: {x: 0.9754895, y: 0.39650187, z: 0.46905732}
  m_DirtyAABB: 0
--- !u!1 &150505932688079209
GameObject:
  m_ObjectHideFlags: 0
  m_CorrespondingSourceObject: {fileID: 0}
  m_PrefabInstance: {fileID: 0}
  m_PrefabAsset: {fileID: 0}
  serializedVersion: 6
  m_Component:
  - component: {fileID: 4373636368491528350}
  m_Layer: 0
  m_Name: calf_r
  m_TagString: Untagged
  m_Icon: {fileID: 0}
  m_NavMeshLayer: 0
  m_StaticEditorFlags: 0
  m_IsActive: 1
--- !u!4 &4373636368491528350
Transform:
  m_ObjectHideFlags: 0
  m_CorrespondingSourceObject: {fileID: 0}
  m_PrefabInstance: {fileID: 0}
  m_PrefabAsset: {fileID: 0}
  m_GameObject: {fileID: 150505932688079209}
  m_LocalRotation: {x: -0.12402044, y: -0.011401512, z: 0.24624236, w: 0.9611731}
  m_LocalPosition: {x: -0.42572248, y: -0.000000016093253, z: 0}
  m_LocalScale: {x: 1, y: 1.0000001, z: 1}
  m_ConstrainProportionsScale: 0
  m_Children:
  - {fileID: 5280634975333752499}
  m_Father: {fileID: 3867674915221507437}
  m_RootOrder: 0
  m_LocalEulerAnglesHint: {x: 0, y: 0, z: 0}
--- !u!1 &171068936096022944
GameObject:
  m_ObjectHideFlags: 0
  m_CorrespondingSourceObject: {fileID: 0}
  m_PrefabInstance: {fileID: 0}
  m_PrefabAsset: {fileID: 0}
  serializedVersion: 6
  m_Component:
  - component: {fileID: 654168625374812954}
  - component: {fileID: 6914219715071443296}
  - component: {fileID: -646206349162951105}
  m_Layer: 0
  m_Name: Ninja
  m_TagString: Untagged
  m_Icon: {fileID: 0}
  m_NavMeshLayer: 0
  m_StaticEditorFlags: 0
  m_IsActive: 1
--- !u!4 &654168625374812954
Transform:
  m_ObjectHideFlags: 0
  m_CorrespondingSourceObject: {fileID: 0}
  m_PrefabInstance: {fileID: 0}
  m_PrefabAsset: {fileID: 0}
  m_GameObject: {fileID: 171068936096022944}
  m_LocalRotation: {x: 0, y: 0.7071068, z: 0, w: 0.7071068}
  m_LocalPosition: {x: 0, y: 0, z: 0}
  m_LocalScale: {x: 3.5, y: 3.5, z: 3.5}
  m_ConstrainProportionsScale: 0
  m_Children:
  - {fileID: 3160727092503813155}
  - {fileID: 5420794594790109219}
  - {fileID: 3678342092974280846}
  m_Father: {fileID: 0}
  m_RootOrder: 0
  m_LocalEulerAnglesHint: {x: 0, y: 90, z: 0}
--- !u!95 &6914219715071443296
Animator:
  serializedVersion: 5
  m_ObjectHideFlags: 0
  m_CorrespondingSourceObject: {fileID: 0}
  m_PrefabInstance: {fileID: 0}
  m_PrefabAsset: {fileID: 0}
  m_GameObject: {fileID: 171068936096022944}
  m_Enabled: 1
  m_Avatar: {fileID: 9000000, guid: 3b3ef6bc9b8a7428dbfc46b71d48cd3f, type: 3}
  m_Controller: {fileID: 9100000, guid: 85eca58503f1043499d28ef6a3683ace, type: 2}
  m_CullingMode: 1
  m_UpdateMode: 0
  m_ApplyRootMotion: 1
  m_LinearVelocityBlending: 0
  m_StabilizeFeet: 0
  m_WarningMessage: 
  m_HasTransformHierarchy: 1
  m_AllowConstantClipSamplingOptimization: 1
  m_KeepAnimatorStateOnDisable: 0
  m_WriteDefaultValuesOnDisable: 0
--- !u!114 &-646206349162951105
MonoBehaviour:
  m_ObjectHideFlags: 0
  m_CorrespondingSourceObject: {fileID: 0}
  m_PrefabInstance: {fileID: 0}
  m_PrefabAsset: {fileID: 0}
  m_GameObject: {fileID: 171068936096022944}
  m_Enabled: 1
  m_EditorHideFlags: 0
  m_Script: {fileID: 11500000, guid: f4865af8fa2382d42b56844ef3a9cbf0, type: 3}
  m_Name: 
  m_EditorClassIdentifier: 
  isHit: 0
  hitBoxes:
  - rect:
      serializedVersion: 2
      x: 0
      y: 0
      width: 4
      height: 4
    defaultVisibility: 1
    followXBounds: 0
    followYBounds: 0
    position: {fileID: 1253401194035637584}
    bodyPart: 1
    mappedPosition:
      x:
        _serializedValue: 0
      y:
        _serializedValue: 0
      z:
        _serializedValue: 0
    localPosition:
      x:
        _serializedValue: 0
      y:
        _serializedValue: 0
      z:
        _serializedValue: 0
    shape: 0
    collisionType: 0
    type: 0
    _rect:
      _x:
        _serializedValue: 0
      _y:
        _serializedValue: 0
      topRight:
        x:
          _serializedValue: 0
        y:
          _serializedValue: 0
        z:
          _serializedValue: 0
      topLeft:
        x:
          _serializedValue: 0
        y:
          _serializedValue: 0
        z:
          _serializedValue: 0
      bottomRight:
        x:
          _serializedValue: 0
        y:
          _serializedValue: 0
        z:
          _serializedValue: 0
      bottomLeft:
        x:
          _serializedValue: 0
        y:
          _serializedValue: 0
        z:
          _serializedValue: 0
      width:
        _serializedValue: 0
      height:
        _serializedValue: 0
      xMax:
        _serializedValue: 0
      yMax:
        _serializedValue: 0
    _radius:
      _serializedValue: 1717986944
    _offSet:
      x:
        _serializedValue: 386547072
      y:
        _serializedValue: 1417339264
      z:
        _serializedValue: 0
  - rect:
      serializedVersion: 2
      x: -0.88
      y: 0.72
      width: 1.66
      height: -1.1
    defaultVisibility: 1
    followXBounds: 0
    followYBounds: 0
    position: {fileID: 6120453029090279132}
    bodyPart: 2
    mappedPosition:
      x:
        _serializedValue: 0
      y:
        _serializedValue: 0
      z:
        _serializedValue: 0
    localPosition:
      x:
        _serializedValue: 0
      y:
        _serializedValue: 0
      z:
        _serializedValue: 0
    shape: 1
    collisionType: 0
    type: 0
    _rect:
      _x:
        _serializedValue: -3779571200
      _y:
        _serializedValue: 3092376576
      topRight:
        x:
          _serializedValue: 3350074368
        y:
          _serializedValue: 3092376576
        z:
          _serializedValue: 0
      topLeft:
        x:
          _serializedValue: -3779571200
        y:
          _serializedValue: 3092376576
        z:
          _serializedValue: 0
      bottomRight:
        x:
          _serializedValue: 3350074368
        y:
          _serializedValue: -1632087552
        z:
          _serializedValue: 0
      bottomLeft:
        x:
          _serializedValue: -3779571200
        y:
          _serializedValue: -1632087552
        z:
          _serializedValue: 0
      width:
        _serializedValue: 7129645568
      height:
        _serializedValue: -4724464128
      xMax:
        _serializedValue: 3350074368
      yMax:
        _serializedValue: -1632087552
    _radius:
      _serializedValue: 3435973888
    _offSet:
      x:
        _serializedValue: 0
      y:
        _serializedValue: 0
      z:
        _serializedValue: 0
  - rect:
      serializedVersion: 2
      x: -0.75
      y: 0.78
      width: 1.43
      height: -1.52
    defaultVisibility: 1
    followXBounds: 0
    followYBounds: 0
    position: {fileID: 1657767932638144105}
    bodyPart: 3
    mappedPosition:
      x:
        _serializedValue: 0
      y:
        _serializedValue: 0
      z:
        _serializedValue: 0
    localPosition:
      x:
        _serializedValue: 0
      y:
        _serializedValue: 0
      z:
        _serializedValue: 0
    shape: 1
    collisionType: 0
    type: 0
    _rect:
      _x:
        _serializedValue: -3221225472
      _y:
        _serializedValue: 3350074368
      topRight:
        x:
          _serializedValue: 2920577536
        y:
          _serializedValue: 3350074368
        z:
          _serializedValue: 0
      topLeft:
        x:
          _serializedValue: -3221225472
        y:
          _serializedValue: 3350074368
        z:
          _serializedValue: 0
      bottomRight:
        x:
          _serializedValue: 2920577536
        y:
          _serializedValue: -3178275840
        z:
          _serializedValue: 0
      bottomLeft:
        x:
          _serializedValue: -3221225472
        y:
          _serializedValue: -3178275840
        z:
          _serializedValue: 0
      width:
        _serializedValue: 6141803008
      height:
        _serializedValue: -6528350208
      xMax:
        _serializedValue: 2920577536
      yMax:
        _serializedValue: -3178275840
    _radius:
      _serializedValue: 3865470464
    _offSet:
      x:
        _serializedValue: 0
      y:
        _serializedValue: 0
      z:
        _serializedValue: 0
  - rect:
      serializedVersion: 2
      x: 0
      y: 0
      width: 4
      height: 4
    defaultVisibility: 1
    followXBounds: 0
    followYBounds: 0
    position: {fileID: 3016860494247853423}
    bodyPart: 4
    mappedPosition:
      x:
        _serializedValue: 0
      y:
        _serializedValue: 0
      z:
        _serializedValue: 0
    localPosition:
      x:
        _serializedValue: 0
      y:
        _serializedValue: 0
      z:
        _serializedValue: 0
    shape: 0
    collisionType: 1
    type: 1
    _rect:
      _x:
        _serializedValue: 0
      _y:
        _serializedValue: 0
      topRight:
        x:
          _serializedValue: 0
        y:
          _serializedValue: 0
        z:
          _serializedValue: 0
      topLeft:
        x:
          _serializedValue: 0
        y:
          _serializedValue: 0
        z:
          _serializedValue: 0
      bottomRight:
        x:
          _serializedValue: 0
        y:
          _serializedValue: 0
        z:
          _serializedValue: 0
      bottomLeft:
        x:
          _serializedValue: 0
        y:
          _serializedValue: 0
        z:
          _serializedValue: 0
      width:
        _serializedValue: 0
      height:
        _serializedValue: 0
      xMax:
        _serializedValue: 0
      yMax:
        _serializedValue: 0
    _radius:
      _serializedValue: 1417339264
    _offSet:
      x:
        _serializedValue: 128849016
      y:
        _serializedValue: 0
      z:
        _serializedValue: 0
  - rect:
      serializedVersion: 2
      x: 0
      y: 0
      width: 4
      height: 4
    defaultVisibility: 1
    followXBounds: 0
    followYBounds: 0
    position: {fileID: 6822260615807636227}
    bodyPart: 5
    mappedPosition:
      x:
        _serializedValue: 0
      y:
        _serializedValue: 0
      z:
        _serializedValue: 0
    localPosition:
      x:
        _serializedValue: 0
      y:
        _serializedValue: 0
      z:
        _serializedValue: 0
    shape: 0
    collisionType: 1
    type: 1
    _rect:
      _x:
        _serializedValue: 0
      _y:
        _serializedValue: 0
      topRight:
        x:
          _serializedValue: 0
        y:
          _serializedValue: 0
        z:
          _serializedValue: 0
      topLeft:
        x:
          _serializedValue: 0
        y:
          _serializedValue: 0
        z:
          _serializedValue: 0
      bottomRight:
        x:
          _serializedValue: 0
        y:
          _serializedValue: 0
        z:
          _serializedValue: 0
      bottomLeft:
        x:
          _serializedValue: 0
        y:
          _serializedValue: 0
        z:
          _serializedValue: 0
      width:
        _serializedValue: 0
      height:
        _serializedValue: 0
      xMax:
        _serializedValue: 0
      yMax:
        _serializedValue: 0
    _radius:
      _serializedValue: 1417339264
    _offSet:
      x:
        _serializedValue: -257698032
      y:
        _serializedValue: 0
      z:
        _serializedValue: 0
  - rect:
      serializedVersion: 2
      x: 0
      y: 0
      width: 4
      height: 4
    defaultVisibility: 1
    followXBounds: 0
    followYBounds: 0
    position: {fileID: 1542715857351287144}
    bodyPart: 6
    mappedPosition:
      x:
        _serializedValue: 0
      y:
        _serializedValue: 0
      z:
        _serializedValue: 0
    localPosition:
      x:
        _serializedValue: 0
      y:
        _serializedValue: 0
      z:
        _serializedValue: 0
    shape: 0
    collisionType: 1
    type: 1
    _rect:
      _x:
        _serializedValue: 0
      _y:
        _serializedValue: 0
      topRight:
        x:
          _serializedValue: 0
        y:
          _serializedValue: 0
        z:
          _serializedValue: 0
      topLeft:
        x:
          _serializedValue: 0
        y:
          _serializedValue: 0
        z:
          _serializedValue: 0
      bottomRight:
        x:
          _serializedValue: 0
        y:
          _serializedValue: 0
        z:
          _serializedValue: 0
      bottomLeft:
        x:
          _serializedValue: 0
        y:
          _serializedValue: 0
        z:
          _serializedValue: 0
      width:
        _serializedValue: 0
      height:
        _serializedValue: 0
      xMax:
        _serializedValue: 0
      yMax:
        _serializedValue: 0
    _radius:
      _serializedValue: 1288490240
    _offSet:
      x:
        _serializedValue: 0
      y:
        _serializedValue: 0
      z:
        _serializedValue: 0
  - rect:
      serializedVersion: 2
      x: 0
      y: 0
      width: 4
      height: 4
    defaultVisibility: 1
    followXBounds: 0
    followYBounds: 0
    position: {fileID: 6538898646030352548}
    bodyPart: 7
    mappedPosition:
      x:
        _serializedValue: 0
      y:
        _serializedValue: 0
      z:
        _serializedValue: 0
    localPosition:
      x:
        _serializedValue: 0
      y:
        _serializedValue: 0
      z:
        _serializedValue: 0
    shape: 0
    collisionType: 1
    type: 1
    _rect:
      _x:
        _serializedValue: 0
      _y:
        _serializedValue: 0
      topRight:
        x:
          _serializedValue: 0
        y:
          _serializedValue: 0
        z:
          _serializedValue: 0
      topLeft:
        x:
          _serializedValue: 0
        y:
          _serializedValue: 0
        z:
          _serializedValue: 0
      bottomRight:
        x:
          _serializedValue: 0
        y:
          _serializedValue: 0
        z:
          _serializedValue: 0
      bottomLeft:
        x:
          _serializedValue: 0
        y:
          _serializedValue: 0
        z:
          _serializedValue: 0
      width:
        _serializedValue: 0
      height:
        _serializedValue: 0
      xMax:
        _serializedValue: 0
      yMax:
        _serializedValue: 0
    _radius:
      _serializedValue: 1288490240
    _offSet:
      x:
        _serializedValue: 0
      y:
        _serializedValue: 214748368
      z:
        _serializedValue: 0
  - rect:
      serializedVersion: 2
      x: 0
      y: 0
      width: 4
      height: 4
    defaultVisibility: 1
    followXBounds: 0
    followYBounds: 0
    position: {fileID: 2324829773937099735}
    bodyPart: 8
    mappedPosition:
      x:
        _serializedValue: 0
      y:
        _serializedValue: 0
      z:
        _serializedValue: 0
    localPosition:
      x:
        _serializedValue: 0
      y:
        _serializedValue: 0
      z:
        _serializedValue: 0
    shape: 0
    collisionType: 2
    type: 0
    _rect:
      _x:
        _serializedValue: 0
      _y:
        _serializedValue: 0
      topRight:
        x:
          _serializedValue: 0
        y:
          _serializedValue: 0
        z:
          _serializedValue: 0
      topLeft:
        x:
          _serializedValue: 0
        y:
          _serializedValue: 0
        z:
          _serializedValue: 0
      bottomRight:
        x:
          _serializedValue: 0
        y:
          _serializedValue: 0
        z:
          _serializedValue: 0
      bottomLeft:
        x:
          _serializedValue: 0
        y:
          _serializedValue: 0
        z:
          _serializedValue: 0
      width:
        _serializedValue: 0
      height:
        _serializedValue: 0
      xMax:
        _serializedValue: 0
      yMax:
        _serializedValue: 0
    _radius:
      _serializedValue: 1288490240
    _offSet:
      x:
        _serializedValue: 257698032
      y:
        _serializedValue: 0
      z:
        _serializedValue: 0
  - rect:
      serializedVersion: 2
      x: 0
      y: 0
      width: 4
      height: 4
    defaultVisibility: 1
    followXBounds: 0
    followYBounds: 0
    position: {fileID: 5907122077814254789}
    bodyPart: 9
    mappedPosition:
      x:
        _serializedValue: 0
      y:
        _serializedValue: 0
      z:
        _serializedValue: 0
    localPosition:
      x:
        _serializedValue: 0
      y:
        _serializedValue: 0
      z:
        _serializedValue: 0
    shape: 0
    collisionType: 2
    type: 0
    _rect:
      _x:
        _serializedValue: 0
      _y:
        _serializedValue: 0
      topRight:
        x:
          _serializedValue: 0
        y:
          _serializedValue: 0
        z:
          _serializedValue: 0
      topLeft:
        x:
          _serializedValue: 0
        y:
          _serializedValue: 0
        z:
          _serializedValue: 0
      bottomRight:
        x:
          _serializedValue: 0
        y:
          _serializedValue: 0
        z:
          _serializedValue: 0
      bottomLeft:
        x:
          _serializedValue: 0
        y:
          _serializedValue: 0
        z:
          _serializedValue: 0
      width:
        _serializedValue: 0
      height:
        _serializedValue: 0
      xMax:
        _serializedValue: 0
      yMax:
        _serializedValue: 0
    _radius:
      _serializedValue: 1288490240
    _offSet:
      x:
        _serializedValue: 558345728
      y:
        _serializedValue: 730144448
      z:
        _serializedValue: 0
  - rect:
      serializedVersion: 2
      x: -0.11
      y: 0
      width: 0.92
      height: -1.44
    defaultVisibility: 1
    followXBounds: 0
    followYBounds: 0
    position: {fileID: 2805021277190028424}
    bodyPart: 10
    mappedPosition:
      x:
        _serializedValue: 0
      y:
        _serializedValue: 0
      z:
        _serializedValue: 0
    localPosition:
      x:
        _serializedValue: 0
      y:
        _serializedValue: 0
      z:
        _serializedValue: 0
    shape: 1
    collisionType: 0
    type: 1
    _rect:
      _x:
        _serializedValue: -472446400
      _y:
        _serializedValue: 0
      topRight:
        x:
          _serializedValue: 3478923520
        y:
          _serializedValue: 0
        z:
          _serializedValue: 0
      topLeft:
        x:
          _serializedValue: -472446400
        y:
          _serializedValue: 0
        z:
          _serializedValue: 0
      bottomRight:
        x:
          _serializedValue: 3478923520
        y:
          _serializedValue: -6184753152
        z:
          _serializedValue: 0
      bottomLeft:
        x:
          _serializedValue: -472446400
        y:
          _serializedValue: -6184753152
        z:
          _serializedValue: 0
      width:
        _serializedValue: 3951369984
      height:
        _serializedValue: -6184753152
      xMax:
        _serializedValue: 3478923520
      yMax:
        _serializedValue: -6184753152
    _radius:
      _serializedValue: 2147483648
    _offSet:
      x:
        _serializedValue: 0
      y:
        _serializedValue: 0
      z:
        _serializedValue: 0
  - rect:
      serializedVersion: 2
      x: -0.62
      y: 0
      width: 0.8
      height: -1.38
    defaultVisibility: 1
    followXBounds: 0
    followYBounds: 0
    position: {fileID: 3867674915221507437}
    bodyPart: 11
    mappedPosition:
      x:
        _serializedValue: 0
      y:
        _serializedValue: 0
      z:
        _serializedValue: 0
    localPosition:
      x:
        _serializedValue: 0
      y:
        _serializedValue: 0
      z:
        _serializedValue: 0
    shape: 1
    collisionType: 0
    type: 1
    _rect:
      _x:
        _serializedValue: -2662879744
      _y:
        _serializedValue: 0
      topRight:
        x:
          _serializedValue: 773094144
        y:
          _serializedValue: 0
        z:
          _serializedValue: 0
      topLeft:
        x:
          _serializedValue: -2662879744
        y:
          _serializedValue: 0
        z:
          _serializedValue: 0
      bottomRight:
        x:
          _serializedValue: 773094144
        y:
          _serializedValue: -5927054848
        z:
          _serializedValue: 0
      bottomLeft:
        x:
          _serializedValue: -2662879744
        y:
          _serializedValue: -5927054848
        z:
          _serializedValue: 0
      width:
        _serializedValue: 3435973888
      height:
        _serializedValue: -5927054848
      xMax:
        _serializedValue: 773094144
      yMax:
        _serializedValue: -5927054848
    _radius:
      _serializedValue: 2147483648
    _offSet:
      x:
        _serializedValue: 0
      y:
        _serializedValue: 0
      z:
        _serializedValue: 0
  - rect:
      serializedVersion: 2
      x: -0.46
      y: -1.4
      width: 0.83
      height: 1.59
    defaultVisibility: 1
    followXBounds: 0
    followYBounds: 0
    position: {fileID: 7748727678166880785}
    bodyPart: 12
    mappedPosition:
      x:
        _serializedValue: 0
      y:
        _serializedValue: 0
      z:
        _serializedValue: 0
    localPosition:
      x:
        _serializedValue: 0
      y:
        _serializedValue: 0
      z:
        _serializedValue: 0
    shape: 1
    collisionType: 0
    type: 1
    _rect:
      _x:
        _serializedValue: -1975684992
      _y:
        _serializedValue: -6012954112
      topRight:
        x:
          _serializedValue: 1589137792
        y:
          _serializedValue: -6012954112
        z:
          _serializedValue: 0
      topLeft:
        x:
          _serializedValue: -1975684992
        y:
          _serializedValue: -6012954112
        z:
          _serializedValue: 0
      bottomRight:
        x:
          _serializedValue: 1589137792
        y:
          _serializedValue: 816044032
        z:
          _serializedValue: 0
      bottomLeft:
        x:
          _serializedValue: -1975684992
        y:
          _serializedValue: 816044032
        z:
          _serializedValue: 0
      width:
        _serializedValue: 3564822784
      height:
        _serializedValue: 6828998144
      xMax:
        _serializedValue: 1589137792
      yMax:
        _serializedValue: 816044032
    _radius:
      _serializedValue: 2147483648
    _offSet:
      x:
        _serializedValue: -515396064
      y:
        _serializedValue: 0
      z:
        _serializedValue: 0
  - rect:
      serializedVersion: 2
      x: -0.47
      y: -1.48
      width: 0.71
      height: 1.71
    defaultVisibility: 1
    followXBounds: 0
    followYBounds: 0
    position: {fileID: 4373636368491528350}
    bodyPart: 13
    mappedPosition:
      x:
        _serializedValue: 0
      y:
        _serializedValue: 0
      z:
        _serializedValue: 0
    localPosition:
      x:
        _serializedValue: 0
      y:
        _serializedValue: 0
      z:
        _serializedValue: 0
    shape: 1
    collisionType: 0
    type: 1
    _rect:
      _x:
        _serializedValue: -2018634624
      _y:
        _serializedValue: -6356551680
      topRight:
        x:
          _serializedValue: 1030792064
        y:
          _serializedValue: -6356551680
        z:
          _serializedValue: 0
      topLeft:
        x:
          _serializedValue: -2018634624
        y:
          _serializedValue: -6356551680
        z:
          _serializedValue: 0
      bottomRight:
        x:
          _serializedValue: 1030792064
        y:
          _serializedValue: 987842560
        z:
          _serializedValue: 0
      bottomLeft:
        x:
          _serializedValue: -2018634624
        y:
          _serializedValue: 987842560
        z:
          _serializedValue: 0
      width:
        _serializedValue: 3049426688
      height:
        _serializedValue: 7344394240
      xMax:
        _serializedValue: 1030792064
      yMax:
        _serializedValue: 987842560
    _radius:
      _serializedValue: 2147483648
    _offSet:
      x:
        _serializedValue: 0
      y:
        _serializedValue: 0
      z:
        _serializedValue: 0
  - rect:
      serializedVersion: 2
      x: 0
      y: 0
      width: 4
      height: 4
    defaultVisibility: 1
    followXBounds: 0
    followYBounds: 0
    position: {fileID: 3468344520746115477}
    bodyPart: 14
    mappedPosition:
      x:
        _serializedValue: 0
      y:
        _serializedValue: 0
      z:
        _serializedValue: 0
    localPosition:
      x:
        _serializedValue: 0
      y:
        _serializedValue: 0
      z:
        _serializedValue: 0
    shape: 0
    collisionType: 0
    type: 1
    _rect:
      _x:
        _serializedValue: 0
      _y:
        _serializedValue: 0
      topRight:
        x:
          _serializedValue: 0
        y:
          _serializedValue: 0
        z:
          _serializedValue: 0
      topLeft:
        x:
          _serializedValue: 0
        y:
          _serializedValue: 0
        z:
          _serializedValue: 0
      bottomRight:
        x:
          _serializedValue: 0
        y:
          _serializedValue: 0
        z:
          _serializedValue: 0
      bottomLeft:
        x:
          _serializedValue: 0
        y:
          _serializedValue: 0
        z:
          _serializedValue: 0
      width:
        _serializedValue: 0
      height:
        _serializedValue: 0
      xMax:
        _serializedValue: 0
      yMax:
        _serializedValue: 0
    _radius:
      _serializedValue: 1717986944
    _offSet:
      x:
        _serializedValue: 644245120
      y:
        _serializedValue: -1760936576
      z:
        _serializedValue: 0
  - rect:
      serializedVersion: 2
      x: 0
      y: 0
      width: 4
      height: 4
    defaultVisibility: 1
    followXBounds: 0
    followYBounds: 0
    position: {fileID: 5280634975333752499}
    bodyPart: 15
    mappedPosition:
      x:
        _serializedValue: 0
      y:
        _serializedValue: 0
      z:
        _serializedValue: 0
    localPosition:
      x:
        _serializedValue: 0
      y:
        _serializedValue: 0
      z:
        _serializedValue: 0
    shape: 0
    collisionType: 0
    type: 1
    _rect:
      _x:
        _serializedValue: 0
      _y:
        _serializedValue: 0
      topRight:
        x:
          _serializedValue: 0
        y:
          _serializedValue: 0
        z:
          _serializedValue: 0
      topLeft:
        x:
          _serializedValue: 0
        y:
          _serializedValue: 0
        z:
          _serializedValue: 0
      bottomRight:
        x:
          _serializedValue: 0
        y:
          _serializedValue: 0
        z:
          _serializedValue: 0
      bottomLeft:
        x:
          _serializedValue: 0
        y:
          _serializedValue: 0
        z:
          _serializedValue: 0
      width:
        _serializedValue: 0
      height:
        _serializedValue: 0
      xMax:
        _serializedValue: 0
      yMax:
        _serializedValue: 0
    _radius:
      _serializedValue: 1717986944
    _offSet:
      x:
        _serializedValue: 0
      y:
        _serializedValue: -1803886208
      z:
        _serializedValue: 0
  - rect:
      serializedVersion: 2
      x: -0.99
      y: -1.64
      width: 1.94
      height: 3.87
    defaultVisibility: 1
    followXBounds: 0
    followYBounds: 0
    position: {fileID: 1191488610186649667}
    bodyPart: 0
    mappedPosition:
      x:
        _serializedValue: 0
      y:
        _serializedValue: 0
      z:
        _serializedValue: 0
    localPosition:
      x:
        _serializedValue: 0
      y:
        _serializedValue: 0
      z:
        _serializedValue: 0
    shape: 1
    collisionType: 3
    type: 0
    _rect:
      _x:
        _serializedValue: -4252017664
      _y:
        _serializedValue: -7043746304
      topRight:
        x:
          _serializedValue: 4080219136
        y:
          _serializedValue: -7043746304
        z:
          _serializedValue: 0
      topLeft:
        x:
          _serializedValue: -4252017664
        y:
          _serializedValue: -7043746304
        z:
          _serializedValue: 0
      bottomRight:
        x:
          _serializedValue: 4080219136
        y:
          _serializedValue: 9577777152
        z:
          _serializedValue: 0
      bottomLeft:
        x:
          _serializedValue: -4252017664
        y:
          _serializedValue: 9577777152
        z:
          _serializedValue: 0
      width:
        _serializedValue: 8332236800
      height:
        _serializedValue: 16621522944
      xMax:
        _serializedValue: 4080219136
      yMax:
        _serializedValue: 9577777152
    _radius:
      _serializedValue: 2147483648
    _offSet:
      x:
        _serializedValue: 0
      y:
        _serializedValue: 0
      z:
        _serializedValue: 0
  activeHurtBoxes: []
  blockableArea:
    enabled: 1
    activeFramesBegin: 0
    activeFramesEnds: 0
    bodyPart: 0
    hitBoxDefinitionIndex: 0
    shape: 0
    rect:
      serializedVersion: 2
      x: 0
      y: 0
      width: 4
      height: 4
    _rect:
      _x:
        _serializedValue: 0
      _y:
        _serializedValue: 0
      topRight:
        x:
          _serializedValue: 0
        y:
          _serializedValue: 0
        z:
          _serializedValue: 0
      topLeft:
        x:
          _serializedValue: 0
        y:
          _serializedValue: 0
        z:
          _serializedValue: 0
      bottomRight:
        x:
          _serializedValue: 0
        y:
          _serializedValue: 0
        z:
          _serializedValue: 0
      bottomLeft:
        x:
          _serializedValue: 0
        y:
          _serializedValue: 0
        z:
          _serializedValue: 0
      width:
        _serializedValue: 0
      height:
        _serializedValue: 0
      xMax:
        _serializedValue: 0
      yMax:
        _serializedValue: 0
    followXBounds: 0
    followYBounds: 0
    _radius:
      _serializedValue: 2147483648
    _offSet:
      x:
        _serializedValue: 0
      y:
        _serializedValue: 0
      z:
        _serializedValue: 0
    cuboidMin:
      x:
        _serializedValue: 0
      y:
        _serializedValue: 0
      z:
        _serializedValue: 0
    cuboidMax:
      x:
        _serializedValue: 0
      y:
        _serializedValue: 0
      z:
        _serializedValue: 0
    position:
      x:
        _serializedValue: 0
      y:
        _serializedValue: 0
      z:
        _serializedValue: 0
  hitConfirmType: 0
  collisionBoxSize:
    _serializedValue: 8589934592
  inverted: 0
  bakeSpeed: 0
  deltaPosition:
    x:
      _serializedValue: 0
    y:
      _serializedValue: 0
    z:
      _serializedValue: 0
  animationMaps: []
  controlsScript: {fileID: 0}
  previewInvertRotation: 0
  previewMirror: 0
  autoHitBoxes: []
  rectangleHitBoxLocationTest: 0
  rectTexture: {fileID: 0}
  moveSetScript: {fileID: 0}
  previewAllBoxes: 0
  customHitBoxes: {fileID: 0}
--- !u!1 &499082730116386351
GameObject:
  m_ObjectHideFlags: 0
  m_CorrespondingSourceObject: {fileID: 0}
  m_PrefabInstance: {fileID: 0}
  m_PrefabAsset: {fileID: 0}
  serializedVersion: 6
  m_Component:
  - component: {fileID: 2868482877479024023}
  m_Layer: 0
  m_Name: index_02_r
  m_TagString: Untagged
  m_Icon: {fileID: 0}
  m_NavMeshLayer: 0
  m_StaticEditorFlags: 0
  m_IsActive: 1
--- !u!4 &2868482877479024023
Transform:
  m_ObjectHideFlags: 0
  m_CorrespondingSourceObject: {fileID: 0}
  m_PrefabInstance: {fileID: 0}
  m_PrefabAsset: {fileID: 0}
  m_GameObject: {fileID: 499082730116386351}
  m_LocalRotation: {x: 0.07054017, y: -0.43511376, z: -0.48293176, w: 0.75662214}
  m_LocalPosition: {x: 0.04233894, y: 0.007229767, z: -0.0003804779}
  m_LocalScale: {x: 0.99999994, y: 1, z: 1}
  m_ConstrainProportionsScale: 0
  m_Children:
  - {fileID: 2946910520481734715}
  m_Father: {fileID: 6509453122847272164}
  m_RootOrder: 0
  m_LocalEulerAnglesHint: {x: 0, y: 0, z: 0}
--- !u!1 &746226208989374486
GameObject:
  m_ObjectHideFlags: 0
  m_CorrespondingSourceObject: {fileID: 0}
  m_PrefabInstance: {fileID: 0}
  m_PrefabAsset: {fileID: 0}
  serializedVersion: 6
  m_Component:
  - component: {fileID: 678354866780153978}
  m_Layer: 0
  m_Name: pinky_02_r
  m_TagString: Untagged
  m_Icon: {fileID: 0}
  m_NavMeshLayer: 0
  m_StaticEditorFlags: 0
  m_IsActive: 1
--- !u!4 &678354866780153978
Transform:
  m_ObjectHideFlags: 0
  m_CorrespondingSourceObject: {fileID: 0}
  m_PrefabInstance: {fileID: 0}
  m_PrefabAsset: {fileID: 0}
  m_GameObject: {fileID: 746226208989374486}
  m_LocalRotation: {x: -0.09933678, y: -0.04412572, z: -0.7281813, w: 0.67671055}
  m_LocalPosition: {x: 0.021158142, y: -0.004122162, z: -0.0040423963}
  m_LocalScale: {x: 0.99999994, y: 1, z: 0.99999994}
  m_ConstrainProportionsScale: 0
  m_Children:
  - {fileID: 7091718575061438782}
  m_Father: {fileID: 5473116781003592248}
  m_RootOrder: 0
  m_LocalEulerAnglesHint: {x: 0, y: 0, z: 0}
--- !u!1 &811025027137319158
GameObject:
  m_ObjectHideFlags: 0
  m_CorrespondingSourceObject: {fileID: 0}
  m_PrefabInstance: {fileID: 0}
  m_PrefabAsset: {fileID: 0}
  serializedVersion: 6
  m_Component:
  - component: {fileID: 2938686847903032508}
  m_Layer: 0
  m_Name: ring_02_l
  m_TagString: Untagged
  m_Icon: {fileID: 0}
  m_NavMeshLayer: 0
  m_StaticEditorFlags: 0
  m_IsActive: 1
--- !u!4 &2938686847903032508
Transform:
  m_ObjectHideFlags: 0
  m_CorrespondingSourceObject: {fileID: 0}
  m_PrefabInstance: {fileID: 0}
  m_PrefabAsset: {fileID: 0}
  m_GameObject: {fileID: 811025027137319158}
  m_LocalRotation: {x: -0.060906775, y: -0.14891312, z: -0.75516164, w: 0.63548887}
  m_LocalPosition: {x: -0.035070114, y: 0.0022331236, z: 0.004254637}
  m_LocalScale: {x: 1, y: 1, z: 1}
  m_ConstrainProportionsScale: 0
  m_Children:
  - {fileID: 1490629701396421347}
  m_Father: {fileID: 804642774272997414}
  m_RootOrder: 0
  m_LocalEulerAnglesHint: {x: 0, y: 0, z: 0}
--- !u!1 &821504380437172029
GameObject:
  m_ObjectHideFlags: 0
  m_CorrespondingSourceObject: {fileID: 0}
  m_PrefabInstance: {fileID: 0}
  m_PrefabAsset: {fileID: 0}
  serializedVersion: 6
  m_Component:
  - component: {fileID: 5889695163127186936}
  m_Layer: 0
  m_Name: clavicle_r
  m_TagString: Untagged
  m_Icon: {fileID: 0}
  m_NavMeshLayer: 0
  m_StaticEditorFlags: 0
  m_IsActive: 1
--- !u!4 &5889695163127186936
Transform:
  m_ObjectHideFlags: 0
  m_CorrespondingSourceObject: {fileID: 0}
  m_PrefabInstance: {fileID: 0}
  m_PrefabAsset: {fileID: 0}
  m_GameObject: {fileID: 821504380437172029}
  m_LocalRotation: {x: 0.7743527, y: 0.23302075, z: 0.58152467, w: 0.08892856}
  m_LocalPosition: {x: -0.11883758, y: -0.027321033, z: 0.037820026}
  m_LocalScale: {x: 1, y: 1.0000001, z: 1}
  m_ConstrainProportionsScale: 0
  m_Children:
  - {fileID: 6822260615807636227}
  m_Father: {fileID: 6120453029090279132}
  m_RootOrder: 1
  m_LocalEulerAnglesHint: {x: 0, y: 0, z: 0}
--- !u!1 &853373641967944651
GameObject:
  m_ObjectHideFlags: 0
  m_CorrespondingSourceObject: {fileID: 0}
  m_PrefabInstance: {fileID: 0}
  m_PrefabAsset: {fileID: 0}
  serializedVersion: 6
  m_Component:
  - component: {fileID: 3154463914432581336}
  m_Layer: 0
  m_Name: ring_01_r
  m_TagString: Untagged
  m_Icon: {fileID: 0}
  m_NavMeshLayer: 0
  m_StaticEditorFlags: 0
  m_IsActive: 1
--- !u!4 &3154463914432581336
Transform:
  m_ObjectHideFlags: 0
  m_CorrespondingSourceObject: {fileID: 0}
  m_PrefabInstance: {fileID: 0}
  m_PrefabAsset: {fileID: 0}
  m_GameObject: {fileID: 853373641967944651}
  m_LocalRotation: {x: -0.14315145, y: -0.28087333, z: -0.76192665, w: 0.5657611}
  m_LocalPosition: {x: 0.086319886, y: -0.03436142, z: -0.015910644}
  m_LocalScale: {x: 0.99999994, y: 1, z: 0.99999994}
  m_ConstrainProportionsScale: 0
  m_Children:
  - {fileID: 5192698538231127407}
  m_Father: {fileID: 5907122077814254789}
  m_RootOrder: 3
  m_LocalEulerAnglesHint: {x: 0, y: 0, z: 0}
--- !u!1 &985360185581162933
GameObject:
  m_ObjectHideFlags: 0
  m_CorrespondingSourceObject: {fileID: 0}
  m_PrefabInstance: {fileID: 0}
  m_PrefabAsset: {fileID: 0}
  serializedVersion: 6
  m_Component:
  - component: {fileID: 3468344520746115477}
  m_Layer: 0
  m_Name: foot_l
  m_TagString: Untagged
  m_Icon: {fileID: 0}
  m_NavMeshLayer: 0
  m_StaticEditorFlags: 0
  m_IsActive: 1
--- !u!4 &3468344520746115477
Transform:
  m_ObjectHideFlags: 0
  m_CorrespondingSourceObject: {fileID: 0}
  m_PrefabInstance: {fileID: 0}
  m_PrefabAsset: {fileID: 0}
  m_GameObject: {fileID: 985360185581162933}
  m_LocalRotation: {x: -0.07594498, y: 0.018793566, z: 0.037068844, w: 0.9962455}
  m_LocalPosition: {x: 0.40196696, y: 0, z: 0.000000038146972}
  m_LocalScale: {x: 1.0000001, y: 0.9999999, z: 1.0000001}
  m_ConstrainProportionsScale: 0
  m_Children:
  - {fileID: 1127084952507440479}
  m_Father: {fileID: 7748727678166880785}
  m_RootOrder: 0
  m_LocalEulerAnglesHint: {x: 0, y: 0, z: 0}
--- !u!1 &1593647052156353393
GameObject:
  m_ObjectHideFlags: 0
  m_CorrespondingSourceObject: {fileID: 0}
  m_PrefabInstance: {fileID: 0}
  m_PrefabAsset: {fileID: 0}
  serializedVersion: 6
  m_Component:
  - component: {fileID: 1542715857351287144}
  m_Layer: 0
  m_Name: lowerarm_l
  m_TagString: Untagged
  m_Icon: {fileID: 0}
  m_NavMeshLayer: 0
  m_StaticEditorFlags: 0
  m_IsActive: 1
--- !u!4 &1542715857351287144
Transform:
  m_ObjectHideFlags: 0
  m_CorrespondingSourceObject: {fileID: 0}
  m_PrefabInstance: {fileID: 0}
  m_PrefabAsset: {fileID: 0}
  m_GameObject: {fileID: 1593647052156353393}
  m_LocalRotation: {x: -0.049763657, y: -0.030702256, z: 0.783208, w: 0.6190042}
  m_LocalPosition: {x: -0.25784552, y: -0.025535174, z: -0.00041519164}
  m_LocalScale: {x: 1.0000001, y: 1.0000001, z: 1.0000001}
  m_ConstrainProportionsScale: 0
  m_Children:
  - {fileID: 2324829773937099735}
  - {fileID: 8036522845326391608}
  m_Father: {fileID: 3016860494247853423}
  m_RootOrder: 0
  m_LocalEulerAnglesHint: {x: 0, y: 0, z: 0}
--- !u!1 &1993149970430815566
GameObject:
  m_ObjectHideFlags: 0
  m_CorrespondingSourceObject: {fileID: 0}
  m_PrefabInstance: {fileID: 0}
  m_PrefabAsset: {fileID: 0}
  serializedVersion: 6
  m_Component:
  - component: {fileID: 3867674915221507437}
  m_Layer: 0
  m_Name: thigh_r
  m_TagString: Untagged
  m_Icon: {fileID: 0}
  m_NavMeshLayer: 0
  m_StaticEditorFlags: 0
  m_IsActive: 1
--- !u!4 &3867674915221507437
Transform:
  m_ObjectHideFlags: 0
  m_CorrespondingSourceObject: {fileID: 0}
  m_PrefabInstance: {fileID: 0}
  m_PrefabAsset: {fileID: 0}
  m_GameObject: {fileID: 1993149970430815566}
  m_LocalRotation: {x: -0.12008369, y: 0.17829727, z: 0.97659975, w: -0.0065488974}
  m_LocalPosition: {x: 0.014486617, y: -0.0053142747, z: 0.09005803}
  m_LocalScale: {x: 1, y: 1, z: 0.9999999}
  m_ConstrainProportionsScale: 0
  m_Children:
  - {fileID: 4373636368491528350}
  m_Father: {fileID: 1191488610186649667}
  m_RootOrder: 2
  m_LocalEulerAnglesHint: {x: 0, y: 0, z: 0}
--- !u!1 &2114897489079846367
GameObject:
  m_ObjectHideFlags: 0
  m_CorrespondingSourceObject: {fileID: 0}
  m_PrefabInstance: {fileID: 0}
  m_PrefabAsset: {fileID: 0}
  serializedVersion: 6
  m_Component:
  - component: {fileID: 7087627960070936370}
  m_Layer: 0
  m_Name: middle_03_l
  m_TagString: Untagged
  m_Icon: {fileID: 0}
  m_NavMeshLayer: 0
  m_StaticEditorFlags: 0
  m_IsActive: 1
--- !u!4 &7087627960070936370
Transform:
  m_ObjectHideFlags: 0
  m_CorrespondingSourceObject: {fileID: 0}
  m_PrefabInstance: {fileID: 0}
  m_PrefabAsset: {fileID: 0}
  m_GameObject: {fileID: 2114897489079846367}
  m_LocalRotation: {x: -0.0069864555, y: 0.04699209, z: -0.022984607, w: 0.9986064}
  m_LocalPosition: {x: -0.038609542, y: 0.0011112976, z: 0.0024615477}
  m_LocalScale: {x: 0.9999998, y: 0.99999994, z: 0.99999976}
  m_ConstrainProportionsScale: 0
  m_Children: []
  m_Father: {fileID: 3885815740174160523}
  m_RootOrder: 0
  m_LocalEulerAnglesHint: {x: 0, y: 0, z: 0}
--- !u!1 &2166568639673560267
GameObject:
  m_ObjectHideFlags: 0
  m_CorrespondingSourceObject: {fileID: 0}
  m_PrefabInstance: {fileID: 0}
  m_PrefabAsset: {fileID: 0}
  serializedVersion: 6
  m_Component:
  - component: {fileID: 2805021277190028424}
  m_Layer: 0
  m_Name: thigh_l
  m_TagString: Untagged
  m_Icon: {fileID: 0}
  m_NavMeshLayer: 0
  m_StaticEditorFlags: 0
  m_IsActive: 1
--- !u!4 &2805021277190028424
Transform:
  m_ObjectHideFlags: 0
  m_CorrespondingSourceObject: {fileID: 0}
  m_PrefabInstance: {fileID: 0}
  m_PrefabAsset: {fileID: 0}
  m_GameObject: {fileID: 2166568639673560267}
  m_LocalRotation: {x: 0.2862813, y: 0.1728543, z: -0.074069165, w: 0.9395096}
  m_LocalPosition: {x: 0.014488297, y: -0.005314235, z: -0.090058096}
  m_LocalScale: {x: 1, y: 1, z: 0.9999999}
  m_ConstrainProportionsScale: 0
  m_Children:
  - {fileID: 7748727678166880785}
  m_Father: {fileID: 1191488610186649667}
  m_RootOrder: 1
  m_LocalEulerAnglesHint: {x: 0, y: 0, z: 0}
--- !u!1 &2336245138742694798
GameObject:
  m_ObjectHideFlags: 0
  m_CorrespondingSourceObject: {fileID: 0}
  m_PrefabInstance: {fileID: 0}
  m_PrefabAsset: {fileID: 0}
  serializedVersion: 6
  m_Component:
  - component: {fileID: 5425675057233884705}
  m_Layer: 0
  m_Name: index_02_l
  m_TagString: Untagged
  m_Icon: {fileID: 0}
  m_NavMeshLayer: 0
  m_StaticEditorFlags: 0
  m_IsActive: 1
--- !u!4 &5425675057233884705
Transform:
  m_ObjectHideFlags: 0
  m_CorrespondingSourceObject: {fileID: 0}
  m_PrefabInstance: {fileID: 0}
  m_PrefabAsset: {fileID: 0}
  m_GameObject: {fileID: 2336245138742694798}
  m_LocalRotation: {x: 0.075894006, y: -0.48068997, z: -0.53507185, w: 0.69056165}
  m_LocalPosition: {x: -0.042338867, y: -0.007229767, z: 0.0003804779}
  m_LocalScale: {x: 1.0000001, y: 1, z: 1.0000001}
  m_ConstrainProportionsScale: 0
  m_Children:
  - {fileID: 5093271040952264819}
  m_Father: {fileID: 8982754514738350442}
  m_RootOrder: 0
  m_LocalEulerAnglesHint: {x: 0, y: 0, z: 0}
--- !u!1 &2568068015413989431
GameObject:
  m_ObjectHideFlags: 0
  m_CorrespondingSourceObject: {fileID: 0}
  m_PrefabInstance: {fileID: 0}
  m_PrefabAsset: {fileID: 0}
  serializedVersion: 6
  m_Component:
  - component: {fileID: 9057585391261756013}
  m_Layer: 0
  m_Name: thumb_03_r
  m_TagString: Untagged
  m_Icon: {fileID: 0}
  m_NavMeshLayer: 0
  m_StaticEditorFlags: 0
  m_IsActive: 1
--- !u!4 &9057585391261756013
Transform:
  m_ObjectHideFlags: 0
  m_CorrespondingSourceObject: {fileID: 0}
  m_PrefabInstance: {fileID: 0}
  m_PrefabAsset: {fileID: 0}
  m_GameObject: {fileID: 2568068015413989431}
  m_LocalRotation: {x: 0.021399055, y: -0.001883377, z: 0.10793753, w: 0.9939256}
  m_LocalPosition: {x: 0.033496972, y: -0.0019755554, z: 0.0020111084}
  m_LocalScale: {x: 1, y: 1.0000001, z: 1}
  m_ConstrainProportionsScale: 0
  m_Children: []
  m_Father: {fileID: 349822976057341264}
  m_RootOrder: 0
  m_LocalEulerAnglesHint: {x: 0, y: 0, z: 0}
--- !u!1 &2570634038570100382
GameObject:
  m_ObjectHideFlags: 0
  m_CorrespondingSourceObject: {fileID: 0}
  m_PrefabInstance: {fileID: 0}
  m_PrefabAsset: {fileID: 0}
  serializedVersion: 6
  m_Component:
  - component: {fileID: 1191488610186649667}
  m_Layer: 0
  m_Name: pelvis
  m_TagString: Untagged
  m_Icon: {fileID: 0}
  m_NavMeshLayer: 0
  m_StaticEditorFlags: 0
  m_IsActive: 1
--- !u!4 &1191488610186649667
Transform:
  m_ObjectHideFlags: 0
  m_CorrespondingSourceObject: {fileID: 0}
  m_PrefabInstance: {fileID: 0}
  m_PrefabAsset: {fileID: 0}
  m_GameObject: {fileID: 2570634038570100382}
  m_LocalRotation: {x: 0.001285336, y: 0.7071056, z: 0.001285336, w: 0.70710564}
  m_LocalPosition: {x: -1.3536842e-30, y: 0.010561532, z: 0.967506}
  m_LocalScale: {x: 1, y: 1, z: 1}
  m_ConstrainProportionsScale: 0
  m_Children:
  - {fileID: 1657767932638144105}
  - {fileID: 2805021277190028424}
  - {fileID: 3867674915221507437}
  m_Father: {fileID: 3678342092974280846}
  m_RootOrder: 0
  m_LocalEulerAnglesHint: {x: 0, y: 0, z: 0}
--- !u!1 &2763200233318589953
GameObject:
  m_ObjectHideFlags: 0
  m_CorrespondingSourceObject: {fileID: 0}
  m_PrefabInstance: {fileID: 0}
  m_PrefabAsset: {fileID: 0}
  serializedVersion: 6
  m_Component:
  - component: {fileID: 5114238120587293708}
  m_Layer: 0
  m_Name: thumb_03_l
  m_TagString: Untagged
  m_Icon: {fileID: 0}
  m_NavMeshLayer: 0
  m_StaticEditorFlags: 0
  m_IsActive: 1
--- !u!4 &5114238120587293708
Transform:
  m_ObjectHideFlags: 0
  m_CorrespondingSourceObject: {fileID: 0}
  m_PrefabInstance: {fileID: 0}
  m_PrefabAsset: {fileID: 0}
  m_GameObject: {fileID: 2763200233318589953}
  m_LocalRotation: {x: 0.020859776, y: -0.02523857, z: -0.023273129, w: 0.99919283}
  m_LocalPosition: {x: -0.03349701, y: 0.0019755554, z: -0.0020111084}
  m_LocalScale: {x: 1, y: 1.0000001, z: 1.0000001}
  m_ConstrainProportionsScale: 0
  m_Children: []
  m_Father: {fileID: 5301970477559045337}
  m_RootOrder: 0
  m_LocalEulerAnglesHint: {x: 0, y: 0, z: 0}
--- !u!1 &2915025744451636868
GameObject:
  m_ObjectHideFlags: 0
  m_CorrespondingSourceObject: {fileID: 0}
  m_PrefabInstance: {fileID: 0}
  m_PrefabAsset: {fileID: 0}
  serializedVersion: 6
  m_Component:
  - component: {fileID: 2946910520481734715}
  m_Layer: 0
  m_Name: index_03_r
  m_TagString: Untagged
  m_Icon: {fileID: 0}
  m_NavMeshLayer: 0
  m_StaticEditorFlags: 0
  m_IsActive: 1
--- !u!4 &2946910520481734715
Transform:
  m_ObjectHideFlags: 0
  m_CorrespondingSourceObject: {fileID: 0}
  m_PrefabInstance: {fileID: 0}
  m_PrefabAsset: {fileID: 0}
  m_GameObject: {fileID: 2915025744451636868}
  m_LocalRotation: {x: 0.010611133, y: -0.007850899, z: 0.08285502, w: 0.9964742}
  m_LocalPosition: {x: 0.035377197, y: 0.004706726, z: -0.00055015564}
  m_LocalScale: {x: 0.99999994, y: 1, z: 1}
  m_ConstrainProportionsScale: 0
  m_Children: []
  m_Father: {fileID: 2868482877479024023}
  m_RootOrder: 0
  m_LocalEulerAnglesHint: {x: 0, y: 0, z: 0}
--- !u!1 &2916301394300529744
GameObject:
  m_ObjectHideFlags: 0
  m_CorrespondingSourceObject: {fileID: 0}
  m_PrefabInstance: {fileID: 0}
  m_PrefabAsset: {fileID: 0}
  serializedVersion: 6
  m_Component:
  - component: {fileID: 3160727092503813155}
  - component: {fileID: 5904066592663775530}
  m_Layer: 9
  m_Name: Fighter_09_Armors
  m_TagString: Untagged
  m_Icon: {fileID: 0}
  m_NavMeshLayer: 0
  m_StaticEditorFlags: 0
  m_IsActive: 1
--- !u!4 &3160727092503813155
Transform:
  m_ObjectHideFlags: 0
  m_CorrespondingSourceObject: {fileID: 0}
  m_PrefabInstance: {fileID: 0}
  m_PrefabAsset: {fileID: 0}
  m_GameObject: {fileID: 2916301394300529744}
  m_LocalRotation: {x: -0.7071068, y: 0, z: -0, w: 0.7071068}
  m_LocalPosition: {x: -0, y: 0, z: -0.031130752}
  m_LocalScale: {x: 1, y: 1, z: 1}
  m_ConstrainProportionsScale: 0
  m_Children: []
  m_Father: {fileID: 654168625374812954}
  m_RootOrder: 0
  m_LocalEulerAnglesHint: {x: 0, y: 0, z: 0}
--- !u!137 &5904066592663775530
SkinnedMeshRenderer:
  m_ObjectHideFlags: 0
  m_CorrespondingSourceObject: {fileID: 0}
  m_PrefabInstance: {fileID: 0}
  m_PrefabAsset: {fileID: 0}
  m_GameObject: {fileID: 2916301394300529744}
  m_Enabled: 1
  m_CastShadows: 1
  m_ReceiveShadows: 1
  m_DynamicOccludee: 1
  m_StaticShadowCaster: 0
  m_MotionVectors: 1
  m_LightProbeUsage: 1
  m_ReflectionProbeUsage: 1
  m_RayTracingMode: 3
  m_RayTraceProcedural: 0
  m_RenderingLayerMask: 1
  m_RendererPriority: 0
  m_Materials:
  - {fileID: 2100000, guid: 6ce2bc3961cb24692a723fb1dd634410, type: 2}
  m_StaticBatchInfo:
    firstSubMesh: 0
    subMeshCount: 0
  m_StaticBatchRoot: {fileID: 0}
  m_ProbeAnchor: {fileID: 0}
  m_LightProbeVolumeOverride: {fileID: 0}
  m_ScaleInLightmap: 1
  m_ReceiveGI: 1
  m_PreserveUVs: 0
  m_IgnoreNormalsForChartDetection: 0
  m_ImportantGI: 0
  m_StitchLightmapSeams: 1
  m_SelectedEditorRenderState: 3
  m_MinimumChartSize: 4
  m_AutoUVMaxDistance: 0.5
  m_AutoUVMaxAngle: 89
  m_LightmapParameters: {fileID: 0}
  m_SortingLayerID: 0
  m_SortingLayer: 0
  m_SortingOrder: 0
  serializedVersion: 2
  m_Quality: 0
  m_UpdateWhenOffscreen: 0
  m_SkinnedMotionVectors: 1
  m_Mesh: {fileID: -7143383659945100202, guid: 3b3ef6bc9b8a7428dbfc46b71d48cd3f, type: 3}
  m_Bones:
  - {fileID: 2324829773937099735}
  - {fileID: 1542715857351287144}
  - {fileID: 8036522845326391608}
  - {fileID: 8982754514738350442}
  - {fileID: 4795827160315937161}
  - {fileID: 804642774272997414}
  - {fileID: 6401523725968518233}
  - {fileID: 4834112501200469782}
  - {fileID: 5907122077814254789}
  - {fileID: 6538898646030352548}
  - {fileID: 3256319322798026921}
  - {fileID: 6509453122847272164}
  - {fileID: 2897775863328378635}
  - {fileID: 3154463914432581336}
  - {fileID: 5473116781003592248}
  - {fileID: 6930547717215993406}
  m_BlendShapeWeights: []
  m_RootBone: {fileID: 6538898646030352548}
  m_AABB:
    m_Center: {x: 0.28583133, y: -0.03484498, z: 0.25773308}
    m_Extent: {x: 0.26797974, y: 0.20300575, z: 0.3708016}
  m_DirtyAABB: 0
--- !u!1 &3234908714502770114
GameObject:
  m_ObjectHideFlags: 0
  m_CorrespondingSourceObject: {fileID: 0}
  m_PrefabInstance: {fileID: 0}
  m_PrefabAsset: {fileID: 0}
  serializedVersion: 6
  m_Component:
  - component: {fileID: 6538898646030352548}
  m_Layer: 0
  m_Name: lowerarm_r
  m_TagString: Untagged
  m_Icon: {fileID: 0}
  m_NavMeshLayer: 0
  m_StaticEditorFlags: 0
  m_IsActive: 1
--- !u!4 &6538898646030352548
Transform:
  m_ObjectHideFlags: 0
  m_CorrespondingSourceObject: {fileID: 0}
  m_PrefabInstance: {fileID: 0}
  m_PrefabAsset: {fileID: 0}
  m_GameObject: {fileID: 3234908714502770114}
  m_LocalRotation: {x: -0.04316297, y: -0.033909246, z: 0.8532802, w: 0.51855576}
  m_LocalPosition: {x: 0.2578469, y: 0.02553503, z: 0.000415802}
  m_LocalScale: {x: 1, y: 0.9999999, z: 1.0000001}
  m_ConstrainProportionsScale: 0
  m_Children:
  - {fileID: 5907122077814254789}
  - {fileID: 3256319322798026921}
  m_Father: {fileID: 6822260615807636227}
  m_RootOrder: 0
  m_LocalEulerAnglesHint: {x: 0, y: 0, z: 0}
--- !u!1 &3255885703572397940
GameObject:
  m_ObjectHideFlags: 0
  m_CorrespondingSourceObject: {fileID: 0}
  m_PrefabInstance: {fileID: 0}
  m_PrefabAsset: {fileID: 0}
  serializedVersion: 6
  m_Component:
  - component: {fileID: 2897775863328378635}
  m_Layer: 0
  m_Name: thumb_01_r
  m_TagString: Untagged
  m_Icon: {fileID: 0}
  m_NavMeshLayer: 0
  m_StaticEditorFlags: 0
  m_IsActive: 1
--- !u!4 &2897775863328378635
Transform:
  m_ObjectHideFlags: 0
  m_CorrespondingSourceObject: {fileID: 0}
  m_PrefabInstance: {fileID: 0}
  m_PrefabAsset: {fileID: 0}
  m_GameObject: {fileID: 3255885703572397940}
  m_LocalRotation: {x: 0.7261642, y: -0.45226243, z: 0.06538936, w: 0.51368123}
  m_LocalPosition: {x: 0.021067962, y: -0.023378449, z: 0.04449257}
  m_LocalScale: {x: 0.9999999, y: 0.9999999, z: 0.9999999}
  m_ConstrainProportionsScale: 0
  m_Children:
  - {fileID: 349822976057341264}
  m_Father: {fileID: 5907122077814254789}
  m_RootOrder: 4
  m_LocalEulerAnglesHint: {x: 0, y: 0, z: 0}
--- !u!1 &3279961438614159739
GameObject:
  m_ObjectHideFlags: 0
  m_CorrespondingSourceObject: {fileID: 0}
  m_PrefabInstance: {fileID: 0}
  m_PrefabAsset: {fileID: 0}
  serializedVersion: 6
  m_Component:
  - component: {fileID: 6120453029090279132}
  m_Layer: 0
  m_Name: spine_03
  m_TagString: Untagged
  m_Icon: {fileID: 0}
  m_NavMeshLayer: 0
  m_StaticEditorFlags: 0
  m_IsActive: 1
--- !u!4 &6120453029090279132
Transform:
  m_ObjectHideFlags: 0
  m_CorrespondingSourceObject: {fileID: 0}
  m_PrefabInstance: {fileID: 0}
  m_PrefabAsset: {fileID: 0}
  m_GameObject: {fileID: 3279961438614159739}
  m_LocalRotation: {x: 0.040475514, y: 0.03063077, z: 0.034982596, w: 0.9980981}
  m_LocalPosition: {x: -0.13407294, y: 0.004204769, z: -1.8189894e-14}
  m_LocalScale: {x: 1.0000001, y: 1.0000001, z: 1}
  m_ConstrainProportionsScale: 0
  m_Children:
  - {fileID: 327546792228555590}
  - {fileID: 5889695163127186936}
  - {fileID: 3646124014983117892}
  m_Father: {fileID: 2186017799838685875}
  m_RootOrder: 0
  m_LocalEulerAnglesHint: {x: 0, y: 0, z: 0}
--- !u!1 &3454954521706884651
GameObject:
  m_ObjectHideFlags: 0
  m_CorrespondingSourceObject: {fileID: 0}
  m_PrefabInstance: {fileID: 0}
  m_PrefabAsset: {fileID: 0}
  serializedVersion: 6
  m_Component:
  - component: {fileID: 7748727678166880785}
  m_Layer: 0
  m_Name: calf_l
  m_TagString: Untagged
  m_Icon: {fileID: 0}
  m_NavMeshLayer: 0
  m_StaticEditorFlags: 0
  m_IsActive: 1
--- !u!4 &7748727678166880785
Transform:
  m_ObjectHideFlags: 0
  m_CorrespondingSourceObject: {fileID: 0}
  m_PrefabInstance: {fileID: 0}
  m_PrefabAsset: {fileID: 0}
  m_GameObject: {fileID: 3454954521706884651}
  m_LocalRotation: {x: -0.1233123, y: -0.011097064, z: 0.3367946, w: 0.9334026}
  m_LocalPosition: {x: 0.42572036, y: -5.9604643e-10, z: 0}
  m_LocalScale: {x: 1, y: 1, z: 1}
  m_ConstrainProportionsScale: 0
  m_Children:
  - {fileID: 3468344520746115477}
  m_Father: {fileID: 2805021277190028424}
  m_RootOrder: 0
  m_LocalEulerAnglesHint: {x: 0, y: 0, z: 0}
--- !u!1 &3497297558240739923
GameObject:
  m_ObjectHideFlags: 0
  m_CorrespondingSourceObject: {fileID: 0}
  m_PrefabInstance: {fileID: 0}
  m_PrefabAsset: {fileID: 0}
  serializedVersion: 6
  m_Component:
  - component: {fileID: 1657767932638144105}
  m_Layer: 0
  m_Name: spine_01
  m_TagString: Untagged
  m_Icon: {fileID: 0}
  m_NavMeshLayer: 0
  m_StaticEditorFlags: 0
  m_IsActive: 1
--- !u!4 &1657767932638144105
Transform:
  m_ObjectHideFlags: 0
  m_CorrespondingSourceObject: {fileID: 0}
  m_PrefabInstance: {fileID: 0}
  m_PrefabAsset: {fileID: 0}
  m_GameObject: {fileID: 3497297558240739923}
  m_LocalRotation: {x: 0.026966073, y: -0.007845912, z: 0.09149181, w: 0.9954097}
  m_LocalPosition: {x: -0.10808876, y: -0.00851415, z: 6.366463e-14}
  m_LocalScale: {x: 1, y: 1, z: 1}
  m_ConstrainProportionsScale: 0
  m_Children:
  - {fileID: 2186017799838685875}
  m_Father: {fileID: 1191488610186649667}
  m_RootOrder: 0
  m_LocalEulerAnglesHint: {x: 0, y: 0, z: 0}
--- !u!1 &3518883049091698349
GameObject:
  m_ObjectHideFlags: 0
  m_CorrespondingSourceObject: {fileID: 0}
  m_PrefabInstance: {fileID: 0}
  m_PrefabAsset: {fileID: 0}
  serializedVersion: 6
  m_Component:
  - component: {fileID: 8935455881040694178}
  m_Layer: 0
  m_Name: ball_r
  m_TagString: Untagged
  m_Icon: {fileID: 0}
  m_NavMeshLayer: 0
  m_StaticEditorFlags: 0
  m_IsActive: 1
--- !u!4 &8935455881040694178
Transform:
  m_ObjectHideFlags: 0
  m_CorrespondingSourceObject: {fileID: 0}
  m_PrefabInstance: {fileID: 0}
  m_PrefabAsset: {fileID: 0}
  m_GameObject: {fileID: 3518883049091698349}
  m_LocalRotation: {x: 0.0000800746, y: -0.00002959348, z: 0.7186339, w: 0.6953886}
  m_LocalPosition: {x: -0.10475128, y: 0.15391108, z: -0.0002676773}
  m_LocalScale: {x: 1, y: 1.0000001, z: 1.0000001}
  m_ConstrainProportionsScale: 0
  m_Children: []
  m_Father: {fileID: 5280634975333752499}
  m_RootOrder: 0
  m_LocalEulerAnglesHint: {x: 0, y: 0, z: 0}
--- !u!1 &3872906629402484770
GameObject:
  m_ObjectHideFlags: 0
  m_CorrespondingSourceObject: {fileID: 0}
  m_PrefabInstance: {fileID: 0}
  m_PrefabAsset: {fileID: 0}
  serializedVersion: 6
  m_Component:
  - component: {fileID: 3885815740174160523}
  m_Layer: 0
  m_Name: middle_02_l
  m_TagString: Untagged
  m_Icon: {fileID: 0}
  m_NavMeshLayer: 0
  m_StaticEditorFlags: 0
  m_IsActive: 1
--- !u!4 &3885815740174160523
Transform:
  m_ObjectHideFlags: 0
  m_CorrespondingSourceObject: {fileID: 0}
  m_PrefabInstance: {fileID: 0}
  m_PrefabAsset: {fileID: 0}
  m_GameObject: {fileID: 3872906629402484770}
  m_LocalRotation: {x: -0.075209804, y: -0.30953047, z: -0.6137786, w: 0.72236437}
  m_LocalPosition: {x: -0.04691944, y: -0.0019807434, z: 0.008224258}
  m_LocalScale: {x: 1.0000001, y: 1, z: 0.99999994}
  m_ConstrainProportionsScale: 0
  m_Children:
  - {fileID: 7087627960070936370}
  m_Father: {fileID: 4834112501200469782}
  m_RootOrder: 0
  m_LocalEulerAnglesHint: {x: 0, y: 0, z: 0}
--- !u!1 &3899153133819354122
GameObject:
  m_ObjectHideFlags: 0
  m_CorrespondingSourceObject: {fileID: 0}
  m_PrefabInstance: {fileID: 0}
  m_PrefabAsset: {fileID: 0}
  serializedVersion: 6
  m_Component:
  - component: {fileID: 3678342092974280846}
  m_Layer: 0
  m_Name: root
  m_TagString: Untagged
  m_Icon: {fileID: 0}
  m_NavMeshLayer: 0
  m_StaticEditorFlags: 0
  m_IsActive: 1
--- !u!4 &3678342092974280846
Transform:
  m_ObjectHideFlags: 0
  m_CorrespondingSourceObject: {fileID: 0}
  m_PrefabInstance: {fileID: 0}
  m_PrefabAsset: {fileID: 0}
  m_GameObject: {fileID: 3899153133819354122}
  m_LocalRotation: {x: -0.61886334, y: 0.36744052, z: 0.46520296, w: 0.5153463}
  m_LocalPosition: {x: 0.24415715, y: 0.03818283, z: 0.036025293}
  m_LocalScale: {x: 1, y: 1, z: 1}
  m_ConstrainProportionsScale: 0
  m_Children:
  - {fileID: 1191488610186649667}
  m_Father: {fileID: 654168625374812954}
  m_RootOrder: 2
  m_LocalEulerAnglesHint: {x: 0, y: 0, z: 0}
--- !u!1 &4253066351183391876
GameObject:
  m_ObjectHideFlags: 0
  m_CorrespondingSourceObject: {fileID: 0}
  m_PrefabInstance: {fileID: 0}
  m_PrefabAsset: {fileID: 0}
  serializedVersion: 6
  m_Component:
  - component: {fileID: 6930547717215993406}
  m_Layer: 0
  m_Name: middle_01_r
  m_TagString: Untagged
  m_Icon: {fileID: 0}
  m_NavMeshLayer: 0
  m_StaticEditorFlags: 0
  m_IsActive: 1
--- !u!4 &6930547717215993406
Transform:
  m_ObjectHideFlags: 0
  m_CorrespondingSourceObject: {fileID: 0}
  m_PrefabInstance: {fileID: 0}
  m_PrefabAsset: {fileID: 0}
  m_GameObject: {fileID: 4253066351183391876}
  m_LocalRotation: {x: -0.06521884, y: -0.40694797, z: -0.7514254, w: 0.51526666}
  m_LocalPosition: {x: 0.09812614, y: -0.025047911, z: 0.0054637906}
  m_LocalScale: {x: 0.9999998, y: 0.99999994, z: 0.99999994}
  m_ConstrainProportionsScale: 0
  m_Children:
  - {fileID: 2897516241935446453}
  m_Father: {fileID: 5907122077814254789}
  m_RootOrder: 1
  m_LocalEulerAnglesHint: {x: 0, y: 0, z: 0}
--- !u!1 &4585407483887584072
GameObject:
  m_ObjectHideFlags: 0
  m_CorrespondingSourceObject: {fileID: 0}
  m_PrefabInstance: {fileID: 0}
  m_PrefabAsset: {fileID: 0}
  serializedVersion: 6
  m_Component:
  - component: {fileID: 1253401194035637584}
  m_Layer: 0
  m_Name: head
  m_TagString: Untagged
  m_Icon: {fileID: 0}
  m_NavMeshLayer: 0
  m_StaticEditorFlags: 0
  m_IsActive: 1
--- !u!4 &1253401194035637584
Transform:
  m_ObjectHideFlags: 0
  m_CorrespondingSourceObject: {fileID: 0}
  m_PrefabInstance: {fileID: 0}
  m_PrefabAsset: {fileID: 0}
  m_GameObject: {fileID: 4585407483887584072}
  m_LocalRotation: {x: 2.6143405e-16, y: -7.204873e-15, z: -0.13354197, w: 0.99104315}
  m_LocalPosition: {x: -0.07714355, y: 0.0078083416, z: -0.0000000020363404}
  m_LocalScale: {x: 1, y: 1, z: 1}
  m_ConstrainProportionsScale: 0
  m_Children: []
  m_Father: {fileID: 3646124014983117892}
  m_RootOrder: 0
  m_LocalEulerAnglesHint: {x: 0, y: 0, z: 0}
--- !u!1 &4624265588452927067
GameObject:
  m_ObjectHideFlags: 0
  m_CorrespondingSourceObject: {fileID: 0}
  m_PrefabInstance: {fileID: 0}
  m_PrefabAsset: {fileID: 0}
  serializedVersion: 6
  m_Component:
  - component: {fileID: 4834112501200469782}
  m_Layer: 0
  m_Name: middle_01_l
  m_TagString: Untagged
  m_Icon: {fileID: 0}
  m_NavMeshLayer: 0
  m_StaticEditorFlags: 0
  m_IsActive: 1
--- !u!4 &4834112501200469782
Transform:
  m_ObjectHideFlags: 0
  m_CorrespondingSourceObject: {fileID: 0}
  m_PrefabInstance: {fileID: 0}
  m_PrefabAsset: {fileID: 0}
  m_GameObject: {fileID: 4624265588452927067}
  m_LocalRotation: {x: -0.063152656, y: -0.40191516, z: -0.7378888, w: 0.53851295}
  m_LocalPosition: {x: -0.09812614, y: 0.025047759, z: -0.0054637906}
  m_LocalScale: {x: 1.0000001, y: 0.99999994, z: 1}
  m_ConstrainProportionsScale: 0
  m_Children:
  - {fileID: 3885815740174160523}
  m_Father: {fileID: 2324829773937099735}
  m_RootOrder: 1
  m_LocalEulerAnglesHint: {x: 0, y: 0, z: 0}
--- !u!1 &4923601065865284697
GameObject:
  m_ObjectHideFlags: 0
  m_CorrespondingSourceObject: {fileID: 0}
  m_PrefabInstance: {fileID: 0}
  m_PrefabAsset: {fileID: 0}
  serializedVersion: 6
  m_Component:
  - component: {fileID: 1127084952507440479}
  m_Layer: 0
  m_Name: ball_l
  m_TagString: Untagged
  m_Icon: {fileID: 0}
  m_NavMeshLayer: 0
  m_StaticEditorFlags: 0
  m_IsActive: 1
--- !u!4 &1127084952507440479
Transform:
  m_ObjectHideFlags: 0
  m_CorrespondingSourceObject: {fileID: 0}
  m_PrefabInstance: {fileID: 0}
  m_PrefabAsset: {fileID: 0}
  m_GameObject: {fileID: 4923601065865284697}
  m_LocalRotation: {x: 0.00008007343, y: -0.000029592347, z: 0.7186339, w: 0.6953886}
  m_LocalPosition: {x: 0.10475147, y: -0.15391165, z: 0.0002676773}
  m_LocalScale: {x: 1, y: 1.0000001, z: 1}
  m_ConstrainProportionsScale: 0
  m_Children: []
  m_Father: {fileID: 3468344520746115477}
  m_RootOrder: 0
  m_LocalEulerAnglesHint: {x: 0, y: 0, z: 0}
--- !u!1 &5156944830343289100
GameObject:
  m_ObjectHideFlags: 0
  m_CorrespondingSourceObject: {fileID: 0}
  m_PrefabInstance: {fileID: 0}
  m_PrefabAsset: {fileID: 0}
  serializedVersion: 6
  m_Component:
  - component: {fileID: 1490629701396421347}
  m_Layer: 0
  m_Name: ring_03_l
  m_TagString: Untagged
  m_Icon: {fileID: 0}
  m_NavMeshLayer: 0
  m_StaticEditorFlags: 0
  m_IsActive: 1
--- !u!4 &1490629701396421347
Transform:
  m_ObjectHideFlags: 0
  m_CorrespondingSourceObject: {fileID: 0}
  m_PrefabInstance: {fileID: 0}
  m_PrefabAsset: {fileID: 0}
  m_GameObject: {fileID: 5156944830343289100}
  m_LocalRotation: {x: -0.016790517, y: 0.02412839, z: 0.017505253, w: 0.99941456}
  m_LocalPosition: {x: -0.032690965, y: -0.0024502564, z: 0.0023011542}
  m_LocalScale: {x: 0.9999999, y: 0.9999999, z: 0.99999976}
  m_ConstrainProportionsScale: 0
  m_Children: []
  m_Father: {fileID: 2938686847903032508}
  m_RootOrder: 0
  m_LocalEulerAnglesHint: {x: 0, y: 0, z: 0}
--- !u!1 &5235913701609882412
GameObject:
  m_ObjectHideFlags: 0
  m_CorrespondingSourceObject: {fileID: 0}
  m_PrefabInstance: {fileID: 0}
  m_PrefabAsset: {fileID: 0}
  serializedVersion: 6
  m_Component:
  - component: {fileID: 6290989312692950469}
  m_Layer: 0
  m_Name: ring_03_r
  m_TagString: Untagged
  m_Icon: {fileID: 0}
  m_NavMeshLayer: 0
  m_StaticEditorFlags: 0
  m_IsActive: 1
--- !u!4 &6290989312692950469
Transform:
  m_ObjectHideFlags: 0
  m_CorrespondingSourceObject: {fileID: 0}
  m_PrefabInstance: {fileID: 0}
  m_PrefabAsset: {fileID: 0}
  m_GameObject: {fileID: 5235913701609882412}
  m_LocalRotation: {x: -0.008739817, y: 0.024987772, z: 0.00793092, w: 0.9996181}
  m_LocalPosition: {x: 0.032690965, y: 0.0024502564, z: -0.002301135}
  m_LocalScale: {x: 1, y: 0.99999994, z: 1}
  m_ConstrainProportionsScale: 0
  m_Children: []
  m_Father: {fileID: 5192698538231127407}
  m_RootOrder: 0
  m_LocalEulerAnglesHint: {x: 0, y: 0, z: 0}
--- !u!1 &5240149441571694633
GameObject:
  m_ObjectHideFlags: 0
  m_CorrespondingSourceObject: {fileID: 0}
  m_PrefabInstance: {fileID: 0}
  m_PrefabAsset: {fileID: 0}
  serializedVersion: 6
  m_Component:
  - component: {fileID: 5280634975333752499}
  m_Layer: 0
  m_Name: foot_r
  m_TagString: Untagged
  m_Icon: {fileID: 0}
  m_NavMeshLayer: 0
  m_StaticEditorFlags: 0
  m_IsActive: 1
--- !u!4 &5280634975333752499
Transform:
  m_ObjectHideFlags: 0
  m_CorrespondingSourceObject: {fileID: 0}
  m_PrefabInstance: {fileID: 0}
  m_PrefabAsset: {fileID: 0}
  m_GameObject: {fileID: 5240149441571694633}
  m_LocalRotation: {x: -0.023702286, y: -0.0393224, z: 0.05757882, w: 0.99728465}
  m_LocalPosition: {x: -0.40196815, y: 0.000000019073486, z: -0.000000114440915}
  m_LocalScale: {x: 1, y: 0.9999999, z: 0.99999994}
  m_ConstrainProportionsScale: 0
  m_Children:
  - {fileID: 8935455881040694178}
  m_Father: {fileID: 4373636368491528350}
  m_RootOrder: 0
  m_LocalEulerAnglesHint: {x: 0, y: 0, z: 0}
--- !u!1 &5283245786041612371
GameObject:
  m_ObjectHideFlags: 0
  m_CorrespondingSourceObject: {fileID: 0}
  m_PrefabInstance: {fileID: 0}
  m_PrefabAsset: {fileID: 0}
  serializedVersion: 6
  m_Component:
  - component: {fileID: 7091718575061438782}
  m_Layer: 0
  m_Name: pinky_03_r
  m_TagString: Untagged
  m_Icon: {fileID: 0}
  m_NavMeshLayer: 0
  m_StaticEditorFlags: 0
  m_IsActive: 1
--- !u!4 &7091718575061438782
Transform:
  m_ObjectHideFlags: 0
  m_CorrespondingSourceObject: {fileID: 0}
  m_PrefabInstance: {fileID: 0}
  m_PrefabAsset: {fileID: 0}
  m_GameObject: {fileID: 5283245786041612371}
  m_LocalRotation: {x: 0.003580966, y: -0.033796377, z: -0.008930302, w: 0.99938244}
  m_LocalPosition: {x: 0.025315246, y: 0.0005844116, z: -0.0031284713}
  m_LocalScale: {x: 0.9999999, y: 0.99999994, z: 0.9999999}
  m_ConstrainProportionsScale: 0
  m_Children: []
  m_Father: {fileID: 678354866780153978}
  m_RootOrder: 0
  m_LocalEulerAnglesHint: {x: 0, y: 0, z: 0}
--- !u!1 &5286250114820154943
GameObject:
  m_ObjectHideFlags: 0
  m_CorrespondingSourceObject: {fileID: 0}
  m_PrefabInstance: {fileID: 0}
  m_PrefabAsset: {fileID: 0}
  serializedVersion: 6
  m_Component:
  - component: {fileID: 871460420642103685}
  m_Layer: 0
  m_Name: pinky_03_l
  m_TagString: Untagged
  m_Icon: {fileID: 0}
  m_NavMeshLayer: 0
  m_StaticEditorFlags: 0
  m_IsActive: 1
--- !u!4 &871460420642103685
Transform:
  m_ObjectHideFlags: 0
  m_CorrespondingSourceObject: {fileID: 0}
  m_PrefabInstance: {fileID: 0}
  m_PrefabAsset: {fileID: 0}
  m_GameObject: {fileID: 5286250114820154943}
  m_LocalRotation: {x: 0.0042911875, y: 0.04471827, z: -0.009231802, w: 0.99894774}
  m_LocalPosition: {x: -0.025315246, y: -0.0005844116, z: 0.0031284713}
  m_LocalScale: {x: 0.99999994, y: 1, z: 0.99999994}
  m_ConstrainProportionsScale: 0
  m_Children: []
  m_Father: {fileID: 929428369667367842}
  m_RootOrder: 0
  m_LocalEulerAnglesHint: {x: 0, y: 0, z: 0}
--- !u!1 &5331607307763188465
GameObject:
  m_ObjectHideFlags: 0
  m_CorrespondingSourceObject: {fileID: 0}
  m_PrefabInstance: {fileID: 0}
  m_PrefabAsset: {fileID: 0}
  serializedVersion: 6
  m_Component:
  - component: {fileID: 5192698538231127407}
  m_Layer: 0
  m_Name: ring_02_r
  m_TagString: Untagged
  m_Icon: {fileID: 0}
  m_NavMeshLayer: 0
  m_StaticEditorFlags: 0
  m_IsActive: 1
--- !u!4 &5192698538231127407
Transform:
  m_ObjectHideFlags: 0
  m_CorrespondingSourceObject: {fileID: 0}
  m_PrefabInstance: {fileID: 0}
  m_PrefabAsset: {fileID: 0}
  m_GameObject: {fileID: 5331607307763188465}
  m_LocalRotation: {x: -0.05407195, y: -0.13086297, z: -0.6935589, w: 0.7063478}
  m_LocalPosition: {x: 0.03507, y: -0.0022332764, z: -0.004254646}
  m_LocalScale: {x: 1.0000001, y: 1, z: 1.0000001}
  m_ConstrainProportionsScale: 0
  m_Children:
  - {fileID: 6290989312692950469}
  m_Father: {fileID: 3154463914432581336}
  m_RootOrder: 0
  m_LocalEulerAnglesHint: {x: 0, y: 0, z: 0}
--- !u!1 &5971228920822875341
GameObject:
  m_ObjectHideFlags: 0
  m_CorrespondingSourceObject: {fileID: 0}
  m_PrefabInstance: {fileID: 0}
  m_PrefabAsset: {fileID: 0}
  serializedVersion: 6
  m_Component:
  - component: {fileID: 3646124014983117892}
  m_Layer: 0
  m_Name: neck_01
  m_TagString: Untagged
  m_Icon: {fileID: 0}
  m_NavMeshLayer: 0
  m_StaticEditorFlags: 0
  m_IsActive: 1
--- !u!4 &3646124014983117892
Transform:
  m_ObjectHideFlags: 0
  m_CorrespondingSourceObject: {fileID: 0}
  m_PrefabInstance: {fileID: 0}
  m_PrefabAsset: {fileID: 0}
  m_GameObject: {fileID: 5971228920822875341}
  m_LocalRotation: {x: 0.057582285, y: -0.0704087, z: 0.28461835, w: 0.95431614}
  m_LocalPosition: {x: -0.16558762, y: -0.0035532187, z: -5.966012e-10}
  m_LocalScale: {x: 1, y: 1, z: 1}
  m_ConstrainProportionsScale: 0
  m_Children:
  - {fileID: 1253401194035637584}
  m_Father: {fileID: 6120453029090279132}
  m_RootOrder: 2
  m_LocalEulerAnglesHint: {x: 0, y: 0, z: 0}
--- !u!1 &6057490783921305862
GameObject:
  m_ObjectHideFlags: 0
  m_CorrespondingSourceObject: {fileID: 0}
  m_PrefabInstance: {fileID: 0}
  m_PrefabAsset: {fileID: 0}
  serializedVersion: 6
  m_Component:
  - component: {fileID: 5301970477559045337}
  m_Layer: 0
  m_Name: thumb_02_l
  m_TagString: Untagged
  m_Icon: {fileID: 0}
  m_NavMeshLayer: 0
  m_StaticEditorFlags: 0
  m_IsActive: 1
--- !u!4 &5301970477559045337
Transform:
  m_ObjectHideFlags: 0
  m_CorrespondingSourceObject: {fileID: 0}
  m_PrefabInstance: {fileID: 0}
  m_PrefabAsset: {fileID: 0}
  m_GameObject: {fileID: 6057490783921305862}
  m_LocalRotation: {x: 0.14103504, y: -0.25634634, z: -0.37906146, w: 0.8778998}
  m_LocalPosition: {x: -0.047159042, y: 0.0009321594, z: -0.00040161132}
  m_LocalScale: {x: 1.0000001, y: 0.99999994, z: 1}
  m_ConstrainProportionsScale: 0
  m_Children:
  - {fileID: 5114238120587293708}
  m_Father: {fileID: 4795827160315937161}
  m_RootOrder: 0
  m_LocalEulerAnglesHint: {x: 0, y: 0, z: 0}
--- !u!1 &6374687202953886171
GameObject:
  m_ObjectHideFlags: 0
  m_CorrespondingSourceObject: {fileID: 0}
  m_PrefabInstance: {fileID: 0}
  m_PrefabAsset: {fileID: 0}
  serializedVersion: 6
  m_Component:
  - component: {fileID: 5473116781003592248}
  m_Layer: 0
  m_Name: pinky_01_r
  m_TagString: Untagged
  m_Icon: {fileID: 0}
  m_NavMeshLayer: 0
  m_StaticEditorFlags: 0
  m_IsActive: 1
--- !u!4 &5473116781003592248
Transform:
  m_ObjectHideFlags: 0
  m_CorrespondingSourceObject: {fileID: 0}
  m_PrefabInstance: {fileID: 0}
  m_PrefabAsset: {fileID: 0}
  m_GameObject: {fileID: 6374687202953886171}
  m_LocalRotation: {x: -0.21535456, y: -0.23838879, z: -0.7301626, w: 0.60303885}
  m_LocalPosition: {x: 0.07414307, y: -0.047404785, z: -0.029607162}
  m_LocalScale: {x: 1, y: 1.0000001, z: 0.99999994}
  m_ConstrainProportionsScale: 0
  m_Children:
  - {fileID: 678354866780153978}
  m_Father: {fileID: 5907122077814254789}
  m_RootOrder: 2
  m_LocalEulerAnglesHint: {x: 0, y: 0, z: 0}
--- !u!1 &6488624978441098227
GameObject:
  m_ObjectHideFlags: 0
  m_CorrespondingSourceObject: {fileID: 0}
  m_PrefabInstance: {fileID: 0}
  m_PrefabAsset: {fileID: 0}
  serializedVersion: 6
  m_Component:
  - component: {fileID: 349822976057341264}
  m_Layer: 0
  m_Name: thumb_02_r
  m_TagString: Untagged
  m_Icon: {fileID: 0}
  m_NavMeshLayer: 0
  m_StaticEditorFlags: 0
  m_IsActive: 1
--- !u!4 &349822976057341264
Transform:
  m_ObjectHideFlags: 0
  m_CorrespondingSourceObject: {fileID: 0}
  m_PrefabInstance: {fileID: 0}
  m_PrefabAsset: {fileID: 0}
  m_GameObject: {fileID: 6488624978441098227}
  m_LocalRotation: {x: 0.0439253, y: -0.45765278, z: -0.243507, w: 0.85400754}
  m_LocalPosition: {x: 0.047158964, y: -0.00093219755, z: 0.00040161132}
  m_LocalScale: {x: 1, y: 1, z: 1.0000001}
  m_ConstrainProportionsScale: 0
  m_Children:
  - {fileID: 9057585391261756013}
  m_Father: {fileID: 2897775863328378635}
  m_RootOrder: 0
  m_LocalEulerAnglesHint: {x: 0, y: 0, z: 0}
--- !u!1 &6541978438507623897
GameObject:
  m_ObjectHideFlags: 0
  m_CorrespondingSourceObject: {fileID: 0}
  m_PrefabInstance: {fileID: 0}
  m_PrefabAsset: {fileID: 0}
  serializedVersion: 6
  m_Component:
  - component: {fileID: 6509453122847272164}
  m_Layer: 0
  m_Name: index_01_r
  m_TagString: Untagged
  m_Icon: {fileID: 0}
  m_NavMeshLayer: 0
  m_StaticEditorFlags: 0
  m_IsActive: 1
--- !u!4 &6509453122847272164
Transform:
  m_ObjectHideFlags: 0
  m_CorrespondingSourceObject: {fileID: 0}
  m_PrefabInstance: {fileID: 0}
  m_PrefabAsset: {fileID: 0}
  m_GameObject: {fileID: 6541978438507623897}
  m_LocalRotation: {x: -0.08464643, y: 0.43232834, z: 0.746483, w: -0.4986886}
  m_LocalPosition: {x: 0.103730924, y: -0.01937912, z: 0.02633129}
  m_LocalScale: {x: 0.9999999, y: 0.99999994, z: 0.9999998}
  m_ConstrainProportionsScale: 0
  m_Children:
  - {fileID: 2868482877479024023}
  m_Father: {fileID: 5907122077814254789}
  m_RootOrder: 0
  m_LocalEulerAnglesHint: {x: 0, y: 0, z: 0}
--- !u!1 &6764677277900062537
GameObject:
  m_ObjectHideFlags: 0
  m_CorrespondingSourceObject: {fileID: 0}
  m_PrefabInstance: {fileID: 0}
  m_PrefabAsset: {fileID: 0}
  serializedVersion: 6
  m_Component:
  - component: {fileID: 929428369667367842}
  m_Layer: 0
  m_Name: pinky_02_l
  m_TagString: Untagged
  m_Icon: {fileID: 0}
  m_NavMeshLayer: 0
  m_StaticEditorFlags: 0
  m_IsActive: 1
--- !u!4 &929428369667367842
Transform:
  m_ObjectHideFlags: 0
  m_CorrespondingSourceObject: {fileID: 0}
  m_PrefabInstance: {fileID: 0}
  m_PrefabAsset: {fileID: 0}
  m_GameObject: {fileID: 6764677277900062537}
  m_LocalRotation: {x: -0.08708575, y: -0.080214985, z: -0.7887569, w: 0.603195}
  m_LocalPosition: {x: -0.021158103, y: 0.0041223145, z: 0.0040423963}
  m_LocalScale: {x: 1.0000001, y: 0.99999994, z: 0.99999994}
  m_ConstrainProportionsScale: 0
  m_Children:
  - {fileID: 871460420642103685}
  m_Father: {fileID: 6401523725968518233}
  m_RootOrder: 0
  m_LocalEulerAnglesHint: {x: 0, y: 0, z: 0}
--- !u!1 &6922815595565130105
GameObject:
  m_ObjectHideFlags: 0
  m_CorrespondingSourceObject: {fileID: 0}
  m_PrefabInstance: {fileID: 0}
  m_PrefabAsset: {fileID: 0}
  serializedVersion: 6
  m_Component:
  - component: {fileID: 327546792228555590}
  m_Layer: 0
  m_Name: clavicle_l
  m_TagString: Untagged
  m_Icon: {fileID: 0}
  m_NavMeshLayer: 0
  m_StaticEditorFlags: 0
  m_IsActive: 1
--- !u!4 &327546792228555590
Transform:
  m_ObjectHideFlags: 0
  m_CorrespondingSourceObject: {fileID: 0}
  m_PrefabInstance: {fileID: 0}
  m_PrefabAsset: {fileID: 0}
  m_GameObject: {fileID: 6922815595565130105}
  m_LocalRotation: {x: 0.22446147, y: -0.7812926, z: -0.08783286, w: 0.5757467}
  m_LocalPosition: {x: -0.118836515, y: -0.0273209, z: -0.03781983}
  m_LocalScale: {x: 1, y: 1, z: 1}
  m_ConstrainProportionsScale: 0
  m_Children:
  - {fileID: 3016860494247853423}
  m_Father: {fileID: 6120453029090279132}
  m_RootOrder: 0
  m_LocalEulerAnglesHint: {x: 0, y: 0, z: 0}
--- !u!1 &7031131896516462339
GameObject:
  m_ObjectHideFlags: 0
  m_CorrespondingSourceObject: {fileID: 0}
  m_PrefabInstance: {fileID: 0}
  m_PrefabAsset: {fileID: 0}
  serializedVersion: 6
  m_Component:
  - component: {fileID: 6401523725968518233}
  m_Layer: 0
  m_Name: pinky_01_l
  m_TagString: Untagged
  m_Icon: {fileID: 0}
  m_NavMeshLayer: 0
  m_StaticEditorFlags: 0
  m_IsActive: 1
--- !u!4 &6401523725968518233
Transform:
  m_ObjectHideFlags: 0
  m_CorrespondingSourceObject: {fileID: 0}
  m_PrefabInstance: {fileID: 0}
  m_PrefabAsset: {fileID: 0}
  m_GameObject: {fileID: 7031131896516462339}
  m_LocalRotation: {x: -0.18740791, y: -0.21939905, z: -0.7206137, w: 0.63044286}
  m_LocalPosition: {x: -0.074142985, y: 0.047404785, z: 0.029607162}
  m_LocalScale: {x: 1.0000002, y: 0.9999999, z: 1}
  m_ConstrainProportionsScale: 0
  m_Children:
  - {fileID: 929428369667367842}
  m_Father: {fileID: 2324829773937099735}
  m_RootOrder: 2
  m_LocalEulerAnglesHint: {x: 0, y: 0, z: 0}
--- !u!1 &7438860568605955085
GameObject:
  m_ObjectHideFlags: 0
  m_CorrespondingSourceObject: {fileID: 0}
  m_PrefabInstance: {fileID: 0}
  m_PrefabAsset: {fileID: 0}
  serializedVersion: 6
  m_Component:
  - component: {fileID: 6574087150830903230}
  m_Layer: 0
  m_Name: middle_03_r
  m_TagString: Untagged
  m_Icon: {fileID: 0}
  m_NavMeshLayer: 0
  m_StaticEditorFlags: 0
  m_IsActive: 1
--- !u!4 &6574087150830903230
Transform:
  m_ObjectHideFlags: 0
  m_CorrespondingSourceObject: {fileID: 0}
  m_PrefabInstance: {fileID: 0}
  m_PrefabAsset: {fileID: 0}
  m_GameObject: {fileID: 7438860568605955085}
  m_LocalRotation: {x: -0.0017060431, y: 0.030305158, z: -0.014159913, w: 0.99943894}
  m_LocalPosition: {x: 0.038609542, y: -0.001111145, z: -0.0024615477}
  m_LocalScale: {x: 0.9999999, y: 0.9999999, z: 0.99999994}
  m_ConstrainProportionsScale: 0
  m_Children: []
  m_Father: {fileID: 2897516241935446453}
  m_RootOrder: 0
  m_LocalEulerAnglesHint: {x: 0, y: 0, z: 0}
--- !u!1 &7520344100375405468
GameObject:
  m_ObjectHideFlags: 0
  m_CorrespondingSourceObject: {fileID: 0}
  m_PrefabInstance: {fileID: 0}
  m_PrefabAsset: {fileID: 0}
  serializedVersion: 6
  m_Component:
  - component: {fileID: 2897516241935446453}
  m_Layer: 0
  m_Name: middle_02_r
  m_TagString: Untagged
  m_Icon: {fileID: 0}
  m_NavMeshLayer: 0
  m_StaticEditorFlags: 0
  m_IsActive: 1
--- !u!4 &2897516241935446453
Transform:
  m_ObjectHideFlags: 0
  m_CorrespondingSourceObject: {fileID: 0}
  m_PrefabInstance: {fileID: 0}
  m_PrefabAsset: {fileID: 0}
  m_GameObject: {fileID: 7520344100375405468}
  m_LocalRotation: {x: -0.06845967, y: -0.2725499, z: -0.5517436, w: 0.7852444}
  m_LocalPosition: {x: 0.046919364, y: 0.0019805909, z: -0.008224258}
  m_LocalScale: {x: 1, y: 1.0000001, z: 1}
  m_ConstrainProportionsScale: 0
  m_Children:
  - {fileID: 6574087150830903230}
  m_Father: {fileID: 6930547717215993406}
  m_RootOrder: 0
  m_LocalEulerAnglesHint: {x: 0, y: 0, z: 0}
--- !u!1 &7579699291169418006
GameObject:
  m_ObjectHideFlags: 0
  m_CorrespondingSourceObject: {fileID: 0}
  m_PrefabInstance: {fileID: 0}
  m_PrefabAsset: {fileID: 0}
  serializedVersion: 6
  m_Component:
  - component: {fileID: 2186017799838685875}
  m_Layer: 0
  m_Name: spine_02
  m_TagString: Untagged
  m_Icon: {fileID: 0}
  m_NavMeshLayer: 0
  m_StaticEditorFlags: 0
  m_IsActive: 1
--- !u!4 &2186017799838685875
Transform:
  m_ObjectHideFlags: 0
  m_CorrespondingSourceObject: {fileID: 0}
  m_PrefabInstance: {fileID: 0}
  m_PrefabAsset: {fileID: 0}
  m_GameObject: {fileID: 7579699291169418006}
  m_LocalRotation: {x: 0.045174625, y: 0.024358744, z: -0.06379891, w: 0.9966422}
  m_LocalPosition: {x: -0.1887535, y: 0.038011625, z: 5.96483e-10}
  m_LocalScale: {x: 1.0000001, y: 1.0000001, z: 1}
  m_ConstrainProportionsScale: 0
  m_Children:
  - {fileID: 6120453029090279132}
  m_Father: {fileID: 1657767932638144105}
  m_RootOrder: 0
  m_LocalEulerAnglesHint: {x: 0, y: 0, z: 0}
--- !u!1 &7594447551765440294
GameObject:
  m_ObjectHideFlags: 0
  m_CorrespondingSourceObject: {fileID: 0}
  m_PrefabInstance: {fileID: 0}
  m_PrefabAsset: {fileID: 0}
  serializedVersion: 6
  m_Component:
  - component: {fileID: 6822260615807636227}
  m_Layer: 0
  m_Name: upperarm_r
  m_TagString: Untagged
  m_Icon: {fileID: 0}
  m_NavMeshLayer: 0
  m_StaticEditorFlags: 0
  m_IsActive: 1
--- !u!4 &6822260615807636227
Transform:
  m_ObjectHideFlags: 0
  m_CorrespondingSourceObject: {fileID: 0}
  m_PrefabInstance: {fileID: 0}
  m_PrefabAsset: {fileID: 0}
  m_GameObject: {fileID: 7594447551765440294}
  m_LocalRotation: {x: -0.011175341, y: -0.2816216, z: 0.67093354, w: 0.6858663}
  m_LocalPosition: {x: 0.15177341, y: 0.01234199, z: 0.0010424805}
  m_LocalScale: {x: 1.0000001, y: 1, z: 1}
  m_ConstrainProportionsScale: 0
  m_Children:
  - {fileID: 6538898646030352548}
  m_Father: {fileID: 5889695163127186936}
  m_RootOrder: 0
  m_LocalEulerAnglesHint: {x: 0, y: 0, z: 0}
--- !u!1 &7843688352293783848
GameObject:
  m_ObjectHideFlags: 0
  m_CorrespondingSourceObject: {fileID: 0}
  m_PrefabInstance: {fileID: 0}
  m_PrefabAsset: {fileID: 0}
  serializedVersion: 6
  m_Component:
  - component: {fileID: 804642774272997414}
  m_Layer: 0
  m_Name: ring_01_l
  m_TagString: Untagged
  m_Icon: {fileID: 0}
  m_NavMeshLayer: 0
  m_StaticEditorFlags: 0
  m_IsActive: 1
--- !u!4 &804642774272997414
Transform:
  m_ObjectHideFlags: 0
  m_CorrespondingSourceObject: {fileID: 0}
  m_PrefabInstance: {fileID: 0}
  m_PrefabAsset: {fileID: 0}
  m_GameObject: {fileID: 7843688352293783848}
  m_LocalRotation: {x: -0.14427319, y: -0.2772732, z: -0.74621165, w: 0.58776957}
  m_LocalPosition: {x: -0.086319804, y: 0.034361266, z: 0.015910683}
  m_LocalScale: {x: 1.0000001, y: 1, z: 1}
  m_ConstrainProportionsScale: 0
  m_Children:
  - {fileID: 2938686847903032508}
  m_Father: {fileID: 2324829773937099735}
  m_RootOrder: 3
  m_LocalEulerAnglesHint: {x: 0, y: 0, z: 0}
--- !u!1 &8089540449953110109
GameObject:
  m_ObjectHideFlags: 0
  m_CorrespondingSourceObject: {fileID: 0}
  m_PrefabInstance: {fileID: 0}
  m_PrefabAsset: {fileID: 0}
  serializedVersion: 6
  m_Component:
  - component: {fileID: 3256319322798026921}
  m_Layer: 0
  m_Name: lowerarm_twist_01_r
  m_TagString: Untagged
  m_Icon: {fileID: 0}
  m_NavMeshLayer: 0
  m_StaticEditorFlags: 0
  m_IsActive: 1
--- !u!4 &3256319322798026921
Transform:
  m_ObjectHideFlags: 0
  m_CorrespondingSourceObject: {fileID: 0}
  m_PrefabInstance: {fileID: 0}
  m_PrefabAsset: {fileID: 0}
  m_GameObject: {fileID: 8089540449953110109}
  m_LocalRotation: {x: -0.11762719, y: -0.000000012756287, z: -0.0000000031521834,
    w: 0.99305785}
  m_LocalPosition: {x: 0.13976672, y: -0.0045320224, z: 0.0008441162}
  m_LocalScale: {x: 1.0000001, y: 1.0000001, z: 1}
  m_ConstrainProportionsScale: 0
  m_Children: []
  m_Father: {fileID: 6538898646030352548}
  m_RootOrder: 1
  m_LocalEulerAnglesHint: {x: 0, y: 0, z: 0}
--- !u!1 &8425807417203768675
GameObject:
  m_ObjectHideFlags: 0
  m_CorrespondingSourceObject: {fileID: 0}
  m_PrefabInstance: {fileID: 0}
  m_PrefabAsset: {fileID: 0}
  serializedVersion: 6
  m_Component:
  - component: {fileID: 3016860494247853423}
  m_Layer: 0
  m_Name: upperarm_l
  m_TagString: Untagged
  m_Icon: {fileID: 0}
  m_NavMeshLayer: 0
  m_StaticEditorFlags: 0
  m_IsActive: 1
--- !u!4 &3016860494247853423
Transform:
  m_ObjectHideFlags: 0
  m_CorrespondingSourceObject: {fileID: 0}
  m_PrefabInstance: {fileID: 0}
  m_PrefabAsset: {fileID: 0}
  m_GameObject: {fileID: 8425807417203768675}
  m_LocalRotation: {x: -0.09004535, y: -0.21779877, z: 0.1105451, w: 0.96552336}
  m_LocalPosition: {x: -0.15177414, y: -0.01234205, z: -0.0010427856}
  m_LocalScale: {x: 1, y: 0.99999994, z: 1}
  m_ConstrainProportionsScale: 0
  m_Children:
  - {fileID: 1542715857351287144}
  m_Father: {fileID: 327546792228555590}
  m_RootOrder: 0
  m_LocalEulerAnglesHint: {x: 0, y: 0, z: 0}
--- !u!1 &8720850419702743851
GameObject:
  m_ObjectHideFlags: 0
  m_CorrespondingSourceObject: {fileID: 0}
  m_PrefabInstance: {fileID: 0}
  m_PrefabAsset: {fileID: 0}
  serializedVersion: 6
  m_Component:
  - component: {fileID: 5907122077814254789}
  m_Layer: 0
  m_Name: hand_r
  m_TagString: Untagged
  m_Icon: {fileID: 0}
  m_NavMeshLayer: 0
  m_StaticEditorFlags: 0
  m_IsActive: 1
--- !u!4 &5907122077814254789
Transform:
  m_ObjectHideFlags: 0
  m_CorrespondingSourceObject: {fileID: 0}
  m_PrefabInstance: {fileID: 0}
  m_PrefabAsset: {fileID: 0}
  m_GameObject: {fileID: 8720850419702743851}
  m_LocalRotation: {x: -0.58480823, y: 0.175427, z: 0.1364596, w: 0.78013045}
  m_LocalPosition: {x: 0.28901488, y: -0.0091876695, z: 0.0019831848}
  m_LocalScale: {x: 1.0000001, y: 0.99999994, z: 1.0000001}
  m_ConstrainProportionsScale: 0
  m_Children:
  - {fileID: 6509453122847272164}
  - {fileID: 6930547717215993406}
  - {fileID: 5473116781003592248}
  - {fileID: 3154463914432581336}
  - {fileID: 2897775863328378635}
  m_Father: {fileID: 6538898646030352548}
  m_RootOrder: 0
  m_LocalEulerAnglesHint: {x: 0, y: 0, z: 0}
--- !u!1 &8790072275870417460
GameObject:
  m_ObjectHideFlags: 0
  m_CorrespondingSourceObject: {fileID: 0}
  m_PrefabInstance: {fileID: 0}
  m_PrefabAsset: {fileID: 0}
  serializedVersion: 6
  m_Component:
  - component: {fileID: 5093271040952264819}
  m_Layer: 0
  m_Name: index_03_l
  m_TagString: Untagged
  m_Icon: {fileID: 0}
  m_NavMeshLayer: 0
  m_StaticEditorFlags: 0
  m_IsActive: 1
--- !u!4 &5093271040952264819
Transform:
  m_ObjectHideFlags: 0
  m_CorrespondingSourceObject: {fileID: 0}
  m_PrefabInstance: {fileID: 0}
  m_PrefabAsset: {fileID: 0}
  m_GameObject: {fileID: 8790072275870417460}
  m_LocalRotation: {x: 0.010611146, y: -0.007850898, z: 0.08285495, w: 0.9964742}
  m_LocalPosition: {x: -0.03537727, y: -0.004706726, z: 0.00055007933}
  m_LocalScale: {x: 1.0000001, y: 1, z: 1}
  m_ConstrainProportionsScale: 0
  m_Children: []
  m_Father: {fileID: 5425675057233884705}
  m_RootOrder: 0
  m_LocalEulerAnglesHint: {x: 0, y: 0, z: 0}
--- !u!1 &8806189783751600168
GameObject:
  m_ObjectHideFlags: 0
  m_CorrespondingSourceObject: {fileID: 0}
  m_PrefabInstance: {fileID: 0}
  m_PrefabAsset: {fileID: 0}
  serializedVersion: 6
  m_Component:
  - component: {fileID: 8036522845326391608}
  m_Layer: 0
  m_Name: lowerarm_twist_01_l
  m_TagString: Untagged
  m_Icon: {fileID: 0}
  m_NavMeshLayer: 0
  m_StaticEditorFlags: 0
  m_IsActive: 1
--- !u!4 &8036522845326391608
Transform:
  m_ObjectHideFlags: 0
  m_CorrespondingSourceObject: {fileID: 0}
  m_PrefabInstance: {fileID: 0}
  m_PrefabAsset: {fileID: 0}
  m_GameObject: {fileID: 8806189783751600168}
  m_LocalRotation: {x: -0.000000014901165, y: -0.000000011175872, z: -0.0000000136205935,
    w: 1}
  m_LocalPosition: {x: -0.1397667, y: 0.0045320224, z: -0.00084426877}
  m_LocalScale: {x: 0.99999994, y: 0.9999999, z: 1}
  m_ConstrainProportionsScale: 0
  m_Children: []
  m_Father: {fileID: 1542715857351287144}
  m_RootOrder: 1
  m_LocalEulerAnglesHint: {x: 0, y: 0, z: 0}
--- !u!1 &8918623723902903345
GameObject:
  m_ObjectHideFlags: 0
  m_CorrespondingSourceObject: {fileID: 0}
  m_PrefabInstance: {fileID: 0}
  m_PrefabAsset: {fileID: 0}
  serializedVersion: 6
  m_Component:
  - component: {fileID: 4795827160315937161}
  m_Layer: 0
  m_Name: thumb_01_l
  m_TagString: Untagged
  m_Icon: {fileID: 0}
  m_NavMeshLayer: 0
  m_StaticEditorFlags: 0
  m_IsActive: 1
--- !u!4 &4795827160315937161
Transform:
  m_ObjectHideFlags: 0
  m_CorrespondingSourceObject: {fileID: 0}
  m_PrefabInstance: {fileID: 0}
  m_PrefabAsset: {fileID: 0}
  m_GameObject: {fileID: 8918623723902903345}
  m_LocalRotation: {x: 0.6093303, y: -0.48451132, z: -0.060895506, w: 0.6247056}
  m_LocalPosition: {x: -0.021067886, y: 0.023378296, z: -0.04449253}
  m_LocalScale: {x: 1, y: 1.0000001, z: 0.99999994}
  m_ConstrainProportionsScale: 0
  m_Children:
  - {fileID: 5301970477559045337}
  m_Father: {fileID: 2324829773937099735}
  m_RootOrder: 4
  m_LocalEulerAnglesHint: {x: 0, y: 0, z: 0}
--- !u!1 &9008170124271854092
GameObject:
  m_ObjectHideFlags: 0
  m_CorrespondingSourceObject: {fileID: 0}
  m_PrefabInstance: {fileID: 0}
  m_PrefabAsset: {fileID: 0}
  serializedVersion: 6
  m_Component:
  - component: {fileID: 8982754514738350442}
  m_Layer: 0
  m_Name: index_01_l
  m_TagString: Untagged
  m_Icon: {fileID: 0}
  m_NavMeshLayer: 0
  m_StaticEditorFlags: 0
  m_IsActive: 1
--- !u!4 &8982754514738350442
Transform:
  m_ObjectHideFlags: 0
  m_CorrespondingSourceObject: {fileID: 0}
  m_PrefabInstance: {fileID: 0}
  m_PrefabAsset: {fileID: 0}
  m_GameObject: {fileID: 9008170124271854092}
  m_LocalRotation: {x: 0.08731845, y: -0.42378807, z: -0.73514646, w: 0.52186096}
  m_LocalPosition: {x: -0.103730924, y: 0.01937912, z: -0.026331253}
  m_LocalScale: {x: 1.0000001, y: 1, z: 0.99999994}
  m_ConstrainProportionsScale: 0
  m_Children:
  - {fileID: 5425675057233884705}
  m_Father: {fileID: 2324829773937099735}
  m_RootOrder: 0
  m_LocalEulerAnglesHint: {x: 0, y: 0, z: 0}
--- !u!1 &9150806536693568412
GameObject:
  m_ObjectHideFlags: 0
  m_CorrespondingSourceObject: {fileID: 0}
  m_PrefabInstance: {fileID: 0}
  m_PrefabAsset: {fileID: 0}
  serializedVersion: 6
  m_Component:
  - component: {fileID: 2324829773937099735}
  m_Layer: 0
  m_Name: hand_l
  m_TagString: Untagged
  m_Icon: {fileID: 0}
  m_NavMeshLayer: 0
  m_StaticEditorFlags: 0
  m_IsActive: 1
--- !u!4 &2324829773937099735
Transform:
  m_ObjectHideFlags: 0
  m_CorrespondingSourceObject: {fileID: 0}
  m_PrefabInstance: {fileID: 0}
  m_PrefabAsset: {fileID: 0}
  m_GameObject: {fileID: 9150806536693568412}
  m_LocalRotation: {x: -0.6283443, y: 0.099438906, z: -0.020082833, w: 0.77129245}
  m_LocalPosition: {x: -0.28901482, y: 0.00918766, z: -0.0019831848}
  m_LocalScale: {x: 0.99999994, y: 1, z: 0.99999994}
  m_ConstrainProportionsScale: 0
  m_Children:
  - {fileID: 8982754514738350442}
  - {fileID: 4834112501200469782}
  - {fileID: 6401523725968518233}
  - {fileID: 804642774272997414}
  - {fileID: 4795827160315937161}
  m_Father: {fileID: 1542715857351287144}
  m_RootOrder: 0
  m_LocalEulerAnglesHint: {x: 0, y: 0, z: 0}
